 Dungeon Crawl Stone Soup version 0.24-a0-500-g46574c2197 (webtiles) character file.

Game seed: 14416665042242893960

15751853 Inquire the Conqueror (level 27, 179/179 HPs)
             Began as a Gargoyle Berserker on July 12, 2019.
             Was a High Priest of the Shining One.
             Escaped with the Orb
             ... and 15 runes on July 15, 2019!
             The game lasted 04:36:00 (100028 turns).

Inquire the Conqueror (Gargoyle Berserker)        Turns: 100028, Time: 04:36:00

Health: 179/179    AC: 44    Str: 32    XL:     27
Magic:  48/48      EV: 28    Int: 16    God:    the Shining One [*****.]
Gold:   14049      SH: 16    Dex: 14    Spells: 15/69 levels left

rFire    + + +     SeeInvis +   v - +9 eveningstar (holy)
rCold    + + +     Gourm    .   G - +0 buckler of the Sky {Slay+3 SInv}
rNeg     + + +     Faith    .   d - +3 salamander hide armour {+Rage rF++}
rPois    ∞         Spirit   .   f - +0 mask of the Dragon {MR+ Slay+3 SInv}
rElec    +         Reflect  +   g - scarf {rC+ rF+}
rCorr    .         Harm     .   J - +2 pair of gloves {Str+3}
MR       ++++.     Rnd*Rage +   I - +2 pair of boots {run}
Stlth    +.........             S - amulet of the Failed Coup {Reflect Int+4 SH+6}
HPRegen  0.39/turn              A - ring of Golaz {rElec rC+ rN+ Str+4}
MPRegen  0.31/turn              P - ring "Gimafiem" {rC+ MR+ Stlth+}

@: flying, glowing, studying Axes, quick
A: big wings, icy blue scales 1, iridescent scales 1, molten scales 1,
camouflage 1, berserk 1, frail 1, mutation resistance 1, negative energy
resistance 1, electricity resistance, unbreathing, petrification resistance, rot
immunity, AC +20
0: Orb of Zot
}: 15/15 runes: barnacled, slimy, silver, golden, iron, obsidian, icy, bone,
abyssal, demonic, glowing, magical, fiery, dark, gossamer
a: Stop Flying, Divine Shield, Cleansing Flame, Summon Divine Warrior, Renounce
Religion, Evoke Berserk Rage


You escaped.
You worshipped the Shining One.
The Shining One was extremely pleased with you.
You were full.

You visited 17 branches of the dungeon, and saw 89 of its levels.
You visited Pandemonium 1 time, and saw 11 of its levels.
You visited the Abyss 7 times.
You also visited: Trove and Wizlab.

You collected 18917 gold pieces.
You spent 4868 gold pieces at shops.

Inventory:

Hand Weapons
 t - the +7 great mace "Firestarter" {inner flame, rF++}
   (You bought it in a shop on level 4 of the Shoals)

   It has been specially enchanted to burn those struck by it, causing extra
   injury to most foes and up to half again as much damage against particularly
   susceptible opponents.
   It greatly protects you from fire.
 v - a +9 eveningstar of holy wrath (weapon)
 U - the +9 heavy crossbow "Sniper" {velocity, Acc+∞ SInv}
   (You found it on level 3 of the Elven Halls)

   Any bolt fired from it inflicts extra damage.
   It lets you see invisible.
Missiles
 b - 14 curare-tipped darts
 l - 36 silver javelins
 F - 12 throwing nets (quivered)
Armour
 d - the +3 salamander hide armour (worn) {+Rage rF++}
   (You found it on level 7 of Cocytus)

   It greatly protects you from fire.
   It lets you go berserk.
 f - the +0 mask of the Dragon (worn) {MR+ Slay+3 SInv}
   (You found it on level 4 of the Realm of Zot)

   It affects your accuracy and damage with ranged weapons and melee attacks
   (+3).
   It affects your resistance to hostile enchantments.
   It lets you see invisible.
 g - a scarf of resistance (worn)
 B - a +5 shield of reflection
 G - the +0 buckler of the Sky (worn) {Slay+3 SInv}
   (You found it on level 7 of Cocytus)

   It affects your accuracy and damage with ranged weapons and melee attacks
   (+3).
   It lets you see invisible.
 I - a +2 pair of boots of running (worn)
 J - a +2 pair of gloves of strength (worn)
 N - the +0 buckler of Love and Death {rF+ Regen+ Str+4}
   (You found it in Pandemonium)

   It affects your strength (+4).
   It protects you from fire.
   It increases your rate of regeneration.
 R - the +8 orange crystal plate armour {Archmagi, Int+3 Clar}
   (You found it on level 4 of the Lair of Beasts)

   It affects your intelligence (+3).
   It protects you against confusion.
 Y - the +2 hat of Kyebaul {rPois rF+}
   (You found it on level 1 of the Realm of Zot)

   It protects you from fire.
   It protects you from poison.
Jewellery
 o - an uncursed ring of resist corrosion
 A - the ring of Golaz (left hand) {rElec rC+ rN+ Str+4}
   (You found it in a wizard's laboratory)

   [ring of positive energy]

   It affects your strength (+4).
   It protects you from cold.
   It insulates you from electricity.
   It protects you from negative energy.
 P - the ring "Gimafiem" (right hand) {rC+ MR+ Stlth+}
   (You found it on level 4 of the Depths)

   [ring of stealth]

   It protects you from cold.
   It affects your resistance to hostile enchantments.
   It makes you more stealthy.
 S - the amulet of the Failed Coup (around neck) {Reflect Int+4 SH+6}
   (You found it on level 7 of Tartarus)

   [amulet of reflection]

   It shields you and reflects attacks.
   It affects your intelligence (+4).
   It affects your SH (+6).
 T - the ring "Quomeu" {rF+ Int-2 Dex+4 SInv}
   (You found it on level 3 of the Crypt)

   [ring of protection from fire]

   It affects your intelligence (-2).
   It affects your dexterity (+4).
   It protects you from fire.
   It lets you see invisible.
 Z - the ring "Idokkih" {rF+ Int+3 Dex+2}
   (You found it in Pandemonium)

   [ring of dexterity]

   It affects your intelligence (+3).
   It affects your dexterity (+2).
   It protects you from fire.
Wands
 u - a wand of acid (34)
 y - a wand of digging (5)
 V - a wand of paralysis (7)
Scrolls
 a - 6 scrolls of fog
 h - 6 scrolls of teleportation
 p - 2 scrolls of identify
 s - a scroll of blinking
 w - 28 scrolls of remove curse
 C - 2 scrolls of summoning
 D - a scroll of brand weapon
 E - 10 scrolls of fear
 Q - a scroll of magic mapping
 W - 2 scrolls of silence
 X - a scroll of holy word
Potions
 e - a potion of heal wounds
 j - 2 potions of magic
 k - 9 potions of ambrosia
 m - 11 potions of resistance
 n - 44 potions of curing
 x - 2 potions of cancellation
 M - a potion of mutation
 O - 3 potions of brilliance
Books
 H - a manual of Axes
Miscellaneous
 i - a fan of gales
 q - a lamp of fire
 r - a figurine of a ziggurat
 z - a crystal ball of energy
 K - 6 phantom mirrors
 L - a phial of floods
Comestibles
 c - 15 rations


   Skills:
 O Level 27 Fighting
   Level 14.0 Long Blades
 - Level 16.0 Maces & Flails
   Level 13.0(13.2) Slings
 - Level 3.0(9.2) Throwing
 O Level 27 Armour
 - Level 22.9 Dodging
 * Level 21.9 Shields
 - Level 21.8 Spellcasting
 - Level 13.6 Conjurations
 * Level 16.2 Hexes
 - Level 16.2 Charms
 - Level 13.5 Summonings
 - Level 6.8 Translocations
 - Level 14.7 Air Magic
 * Level 22.3 Earth Magic
 - Level 18.2 Invocations


You had 15 spell levels left.
You knew the following spells:

 Your Spells              Type           Power        Failure   Level  Hunger
a - Blink                 Tloc           N/A          1%          2    None
b - Passwall              Tmut/Erth      ######..     1%          2    None
c - Spectral Weapon       Hex/Chrm       ######..     0%          3    None
d - Silence               Hex/Air        ######....   1%          5    ##.....
e - Deflect Missiles      Chrm/Air       ######....   1%          6    #####..
f - Iron Shot             Conj/Erth      ######....   1%          6    #####..
g - Aura of Abjuration    Summ           ######....   1%          5    ##.....
h - Shadow Creatures      Summ           N/A          1%          6    #####..
i - Passage of Golubria   Tloc           N/A          1%          4    None
j - Spellforged Servitor  Conj/Summ      ######....   9%          7    ######.
k - Lehudib's Crystal Sp  Conj/Erth      ######....   12%         8    #######

Your spell library contained the following spells:

 Spells                   Type           Power        Failure   Level  Hunger
 Confusing Touch          Hex            ######       0%          1    None
 Corona                   Hex            ######.      0%          1    None
 Infusion                 Chrm           ####         0%          1    None
 Magic Dart               Conj           ####         0%          1    None
 Sandblast                Erth           ######       0%          1    None
 Shock                    Conj/Air       ####         0%          1    None
 Summon Butterflies       Summ           ######..     0%          1    None
 Summon Small Mammal      Summ           ####         0%          1    None
 Call Imp                 Summ           ######..     0%          2    None
 Searing Ray              Conj           ######       0%          2    None
 Slow                     Hex            ######..     0%          2    None
 Song of Slaying          Chrm           ######..     0%          2    None
 Swiftness                Chrm/Air       ######..     0%          2    None
 Confuse                  Hex            ######..     0%          3    None
 Stone Arrow              Conj/Erth      ######       0%          3    None
 Tukima's Dance           Hex            ######..     0%          3    None
 Leda's Liquefaction      Hex/Erth       ######....   0%          4    None
 Lee's Rapid Deconstruct  Erth           ######....   0%          5    ##.....
 Apportation              Tloc           #####.       1%          1    None
 Flame Tongue             Conj/Fire      #####        1%          1    None
 Sting                    Conj/Pois      ####         1%          1    None
 Ensorcelled Hibernation  Hex/Ice        #####.       1%          2    None
 Poisonous Vapours        Pois/Air       #####.       1%          2    None
 Shroud of Golubria       Chrm/Tloc      ######       1%          2    None
 Throw Flame              Conj/Fire      #####.       1%          2    None
 Throw Frost              Conj/Ice       #####.       1%          2    None
 Call Canine Familiar     Summ           ######..     1%          3    None
 Conjure Flame            Conj/Fire      #####...     1%          3    None
 Dazzling Spray           Conj/Hex       ######       1%          3    None
 Gell's Gravitas          Tloc           #####.....   1%          3    None
 Inner Flame              Hex/Fire       #####...     1%          3    None
 Lesser Beckoning         Tloc           #####.....   1%          3    None
 Mephitic Cloud           Conj/Pois/Air  #####...     1%          3    None
 Ozocubu's Armour         Chrm/Ice       #####...     1%          3    None
 Portal Projectile        Hex/Tloc       ######       1%          3    None
 Recall                   Summ/Tloc      N/A          1%          3    None
 Regeneration             Chrm/Necr      #####.....   1%          3    None
 Static Discharge         Conj/Air       ######..     1%          3    None
 Summon Guardian Golem    Hex/Summ       ######..     1%          3    None
 Teleport Other           Tloc           #####...     1%          3    None
 Airstrike                Air            ######....   1%          4    None
 Cause Fear               Hex            ######....   1%          4    None
 Force Lance              Conj/Tloc      ######..     1%          4    None
 Fulminant Prism          Conj/Hex       ######....   1%          4    None
 Iskenderun's Mystic Bla  Conj           ######..     1%          4    None
 Petrify                  Tmut/Erth      ######..     1%          4    None
 Sticky Flame             Conj/Fire      #####...     1%          4    None
 Summon Ice Beast         Ice/Summ       #####...     1%          4    None
 Summon Lightning Spire   Summ/Air       ######..     1%          4    None
 Throw Icicle             Conj/Ice       #####...     1%          4    None
 Bolt of Magma            Conj/Fire/Erth ######....   1%          5    ##.....
 Borgnjor's Vile Clutch   Necr/Erth      ######....   1%          5    ##.....
 Iskenderun's Battlesphe  Conj/Chrm      ######..     1%          5    ##.....
 Lightning Bolt           Conj/Air       ######....   1%          5    ##.....
 Summon Demon             Summ           ######....   1%          5    ##.....
 Summon Forest            Summ/Tloc      ######....   1%          5    ##.....
 Summon Mana Viper        Hex/Summ       ######..     1%          5    ##.....
 Darkness                 Hex            ######....   1%          6    #####..
 Invisibility             Hex            ######..     1%          6    #####..
 Animate Skeleton         Necr           N/A          2%          1    None
 Beastly Appendage        Tmut           ###...       2%          1    None
 Freeze                   Ice            ###.         2%          1    None
 Pain                     Necr           ###.         2%          1    None
 Excruciating Wounds      Chrm/Necr      #####.....   2%          5    ##.....
 Metabolic Englaciation   Hex/Ice        #####.....   2%          5    ##.....
 Yara's Violent Unravell  Hex/Tmut       #####.....   2%          5    ##.....
 Corpse Rot               Necr           N/A          4%          2    None
 Sticks to Snakes         Tmut           ###.....     4%          2    None
 Bolt of Draining         Conj/Necr      #####.....   4%          5    ##.....
 Fireball                 Conj/Fire      #####.....   4%          5    ##.....
 Irradiate                Conj/Tmut      #####.....   4%          5    ##.....
 Venom Bolt               Conj/Pois      #####.....   4%          5    ##.....
 Ignite Poison            Fire/Tmut/Pois ###.....     9%          3    None
 Spider Form              Tmut/Pois      ###.......   9%          3    None
 Vampiric Draining        Necr           ###.......   9%          3    None
 Freezing Cloud           Conj/Ice/Air   #####.....   9%          6    #####..
 Monstrous Menagerie      Summ           ######....   9%          7    ######.
 Orb of Destruction       Conj           ######....   9%          7    ######.
 Summon Greater Demon     Summ           ######....   9%          7    ######.
 Summon Hydra             Summ           ######....   9%          7    ######.
 Discord                  Hex            ######....   24%         8    #######
 Bolt of Cold             Conj/Ice       #####.....   26%         6    #####..
 Bolt of Fire             Conj/Fire      #####.....   26%         6    #####..
 Dispersal                Tloc           #####.....   26%         6    #####..
 Animate Dead             Necr           N/A          28%         4    None
 Ice Form                 Ice/Tmut       ###.....     28%         4    None
 Olgreb's Toxic Radiance  Pois           ###.....     28%         4    None
 Shatter                  Erth           ######....   30%         9    #######
 Malign Gateway           Summ/Tloc      ######....   36%         7    ######.
 Summon Horrible Things   Summ           ######....   56%         8    #######
 Agony                    Necr           ###.....     61%         5    ##.....
 Alistair's Intoxication  Tmut/Pois      ###.....     61%         5    ##.....
 Blade Hands              Tmut           ###.......   61%         5    ##.....
 Dispel Undead            Necr           ###.....     61%         5    ##.....
 Ring of Flames           Chrm/Fire      #####.....   65%         7    ######.
 Haunt                    Necr/Summ      #####.....   83%         7    ######.
 Death Channel            Necr           ###.......   99%         6    #####..
 Hydra Form               Tmut           ###.......   99%         6    #####..
 Ozocubu's Refrigeration  Ice            ###.......   99%         6    #####..
 Simulacrum               Ice/Necr       ###.......   99%         6    #####..
 Dragon Form              Tmut           ###.......   100%        7    ######.
 Borgnjor's Revivificati  Necr           ###.......   100%        8    #######
 Controlled Blink         Tloc           N/A          100%        8    #######
 Death's Door             Chrm/Necr      #####.....   100%        8    #######
 Disjunction              Tloc           #####.....   100%        8    #######
 Ignition                 Fire           ###.......   100%        8    #######
 Infestation              Necr           ###.......   100%        8    #######
 Necromutation            Tmut/Necr      ###.......   100%        8    #######
 Dragon's Call            Summ           ######....   100%        9    #######
 Tornado                  Air            ######....   100%        9    #######
 Sublimation of Blood     Necr           Unusable     N/A         2    N/A
 Statue Form              Tmut/Erth      Unusable     N/A         6    N/A

Dungeon Overview and Level Annotations

Branches:
Dungeon (15/15)            Temple (0/1) D:7            Lair (6/6) D:10
 Shoals (4/4) Lair:4       Spider (4/4) Lair:2        Slime (5/5) Lair:6
    Orc (2/2) D:9             Elf (3/3) Orc:2        Vaults (5/5) D:14
  Crypt (3/3) Vaults:3       Tomb (3/3) Crypt:3      Depths (5/5) D:15
   Hell (1/1)                 Dis (7/7) Hell            Geh (7/7) Hell
    Coc (7/7) Hell            Tar (7/7) Hell            Zot (5/5) Depths:5

Altars:
Ashenzari
Cheibriados
Dithmenos
Elyvilon
Fedhas
Kikubaaqudgha
Okawaru
Qazlal
Sif Muna
Uskayaw
Vehumet
Xom
Yredelemnul
The Shining One
Beogh
Jiyva

Shops:
D:8 =*   D:11 [   D:14 (   D:15 }(!}   Orc:2 [([[   Elf:1 ?!   Elf:2 !
Elf:3 ([(}   Shoals:4 *   Depths:4 :

Portals:
Hell: Depths:1 Depths:2 Depths:3 Depths:4 Depths:5
Abyss: Depths:3 Depths:4
Pandemonium: Depths:3
Ziggurat: Depths:4

Annotations:
D:12 PREPARE FOR ENDGAME
Vaults:5 Plan for Endgame
Coc:7 exclusion: ice statue


Innate Abilities, Weirdness & Mutations

You are resistant to torment.
Your stone body is resilient. (AC +20)
You are immune to poison.
Your large and strong wings let you fly indefinitely.
You resist negative energy. (rN+)
You are resistant to electric shocks. (rElec)
You can survive without breathing.
You are immune to petrification.
You are immune to rotting.
You are partially covered in icy blue scales. (AC +2)
You are partially covered in iridescent scales. (AC +2)
You are partially covered in molten scales. (AC +2)
Your skin changes colour to match your surroundings (Stealth+).
You tend to lose your temper in combat.
You are frail. (-10% HP)
You are somewhat resistant to further mutation.


Message History

Unknown command.
(D) Dungeon (T) Temple (L) Lair (A) Shoals (N) Spider Nest (M) Slime Pits (O) Orcish Mines (E) Elven Halls (V) Vaults (C) Crypt (W) Tomb (U) Depths (H) Hell (I) Dis (G) Gehenna (X) Cocytus (Y) Tartarus (Z) Zot
Where to? (Enter - D:1, ? - help)
What level of the Dungeon? (default 1, ? - help)
There is a stone staircase leading up here.
You fly upwards.
There is a stone staircase leading down here.
Unknown command.
Evoke which item? (* to show all) (? for menu, Esc to quit)
Aiming: Dig
Press: ? - help, Shift-Dir - straight line A rock wall.
This square is lit by a halo and is covered in magical glow.
The rock shatters into small pieces.
There is a staircase leading out of the dungeon here.
You have escaped!

#...##.#.########## #####..
##.###.#......# ###
#.##...#####.#
###.##.........#
....##...####..# ##########
###.##### ### # #
##.....#.###.# ## #
###..#.......#.## #≈ ##
##....#..@..##...# #≈
.#######...####...####..# ♣≈
.......#.### #...# ##.# #♣≈
..###.#..# ##...##
#.#######P≈ #.# #....#
##.#...## #.......#≈≈ #.#
#....####.......###.#####.≈≈≈
#.# #.#...#...##....#...#
#≈≈≈≈ ..#
#)##..#...###....#.## #♣≈≈≈
..###.###.....###......# ♣≈P≈


There were no monsters in sight!

Vanquished Creatures
  Cerebov (Pan)
  Antaeus (Coc:7)
  Asmodeus (Geh:7)
  Ereshkigal (Tar:7)
  Gloorx Vloq (Pan)
  Lom Lobon (Pan)
  Mnoleg (Pan)
  the Serpent of Hell (Tar:7)
  Dispater (Dis:7)
  Mara (Tomb:1)
  The ghost of Yddewukk the Impregnable, a legendary GnCj of Sif Muna (Zot:1)
  Mennas (Pan)
  2 orbs of fire (Zot:5)
  13 ancient liches
  28 greater mummies
  5 Killer Klowns
  Boris (Tomb:1)
  6 shard shrikes
  The ghost of Sudaz the Slayer, a veteran MiGl of Okawaru (Vaults:3)
  Geryon (Hell)
  Xtahua (Vaults:4)
  16 golden dragons
  3 profane servitors
  Jory (Tomb:1)
  26 Tzitzimimeh
  22 bone dragons
  4 iron giants
  2 electric golems
  8 Hell Sentinels
  3 hellephants
  9 doom hounds
  18 Ice Fiends
  Rupert (Lair:4)
  24 Brimstone Fiends
  27 tentacled monstrosities
  24 Orb Guardians
  A moon troll (WizLab)
  A deep elf master archer (Elf:3)
  4 pandemonium lords
  16 liches
  3 titans (Vaults:5)
  4 deep elf blademasters
  20 Executioners
  The ghost of Hiumnij the Bludgeoner, an adept MiFi of Elyvilon (Shoals:2)
  The ghost of Peloso the Peltast, an adept MiFi of Okawaru (Shoals:4)
  11 quicksilver dragons
  19 acid blobs
  5 eldritch tentacles
  Frances (D:14)
  4 death cobs
  8 sphinxes
  14 ancient champions
  Roxanne (D:14)
  35 tentacled starspawn
  4 krakens
  10 storm dragons
  20 shadow dragons
  4 azure jellies
  12 fire giants
  4 tengu reavers
  3 draconian monks
  4 warmongers (Pan)
  Donald (Vaults:4)
  2 blood saints (Pan)
  10 frost giants
  6 revenants
  13 vault wardens
  6 draconian knights
  37 balrugs
  Aizul (Spider:1)
  A juggernaut zombie (Hell)
  9 ghost moths
  The ghost of pentaxis93 the Eclecticist, an adept DEFE of Vehumet (Spider:1)
  10 deep elf sorcerers
  3 orc warlords
  10 draconian scorchers
  20 cacodemons
  8 emperor scorpions
  4 curse skulls
  14 iron dragons
  7 black suns
  Louise (Elf:2)
  5 draconian shifters
  3 deep elf elementalists
  10 draconian annihilators
  An angel (D:6)
  4 draconian stormcallers
  14 ironheart preservers
  45 stone giants
  30 very ugly things
  67 reapers
  2 elemental wellsprings (Coc:7)
  3 entropy weavers
  36 war gargoyles
  11 green draconians
  6 vampire knights
  14 bennus
  11 yellow draconians
  6 deep elf demonologists
  The ghost of Murumi the Blocker, a journeyman FoFi of Okawaru (Orc:2)
  5 purple draconians
  10 lorocyprocas
  14 black draconians
  11 deep elf annihilators
  9 red draconians
  7 spark wasps
  10 white draconians
  3 minotaurs (Depths:4)
  16 ettins
  24 blizzard demons
  4 eidola
  5 death oozes (Slime:5)
  23 mummy priests
  8 green deaths
  7 deep elf death magi
  3 merfolk javelineers (Shoals:4)
  9 merfolk impalers
  2 crystal guardians (WizLab)
  7 quicksilver dragon zombies
  A jiangshi (Crypt:2)
  7 deep elf high priests
  10 fire dragons
  3 spectral krakens (Tar:7)
  The ghost of Shaidar the Cleaver, a journeyman MiBe of Trog (Lair:3)
  19 great orbs of eyes
  Josephine (D:13)
  20 ice dragons
  2 kraken zombies (Coc:7)
  Harold (D:7)
  12 rakshasas
  29 vault guards
  13 yaktaur captains
  3 quicksilver dragon skeletons
  A ghost crab (Abyss:4)
  The ghost of feta the Blocker, a journeyman FoFi of Yredelemnul (D:11)
  A hell beast (Depths:2)
  7 hydras
  3 merfolk avatars
  2 merfolk aquamancers
  10 catoblepae
  9 deep troll shamans
  10 centaur warriors
  6 death knights
  Erica (D:8)
  An alligator snapping turtle (Shoals:4)
  7 death yaks (Lair:6)
  38 two-headed ogres
  31 dancing weapons
  12 ogre magi
  29 hell hogs
  A spriggan berserker (Depths:4)
  3 orc high priests
  18 deep troll earth magi
  10 vampire magi
  70 death scarabs
  6 tengu warriors (Depths:3)
  6 titan zombies
  26 thrashing horrors
  7 storm dragon zombies
  21 iron golems
  32 soul eaters
  49 sun demons
  179 skeletal warriors
  19 deep elf knights
  14 shadow wraiths
  3 fire crabs
  13 spatial maelstroms
  5 titan skeletons
  A salamander mystic (Depths:1)
  31 wretched stars
  3 golden dragon zombies
  50 hell knights
  4 anaconda zombies
  An iron giant zombie (Crypt:2)
  26 sixfirhies
  26 iron trolls
  An unseen horror (shapeshifter) (Abyss:2)
  4 torturous demonspawn
  A death drake (Abyss:4)
  12 storm dragon skeletons
  11 glowing orange brains
  A kraken simulacrum (Hell)
  10 sea snakes
  4 gelid demonspawn (Pan)
  23 flayed ghosts
  48 deep trolls
  3 ghost moth zombies
  18 deep elf archers
  27 shadow demons
  11 wizards
  6 unseen horrors
  3 orange crystal statues
  13 ironbrand convokers
  5 golden dragon skeletons
  20 harpies
  9 shadow dragon zombies
  4 infernal demonspawn (Pan)
  58 deep elf magi
  26 phantasmal warriors
  6 anaconda skeletons
  A swamp dragon (Abyss:2)
  An obsidian statue (Zot:5)
  12 necromancers
  2 mana vipers (shapeshifter)
  Pikel (D:9)
  25 wolf spiders
  8 stone giant zombies
  4 wolf spider zombies
  20 orc knights
  14 fauns
  4 iron dragon zombies
  17 orb spiders
  36 ugly things
  5 shining eyes
  8 frost giant zombies
  9 orc sorcerers
  5 shadow dragon skeletons
  6 salamanders
  27 cyclopes
  A shining eye (shapeshifter) (Vaults:4)
  111 large abominations
  An elephant (Lair:3)
  5 oklob plants
  Joseph (D:8)
  5 fire giant zombies
  10 worldbinders
  15 manticores
  7 merfolk sirens
  3 shock serpent zombies
  A centaur zombie (D:14)
  2 naga magi (D:15)
  29 moths of wrath
  4 black mambas (shapeshifter)
  12 molten gargoyles (Geh:7)
  5 ice statues
  6 dire elephant zombies
  5 water nymphs
  5 black mambas
  11 apocalypse crabs
  A stone giant skeleton (Abyss:4)
  47 smoke demons
  Psyche (D:8)
  3 guardian serpents (Abyss:1)
  50 rust devils
  10 eyes of devastation
  8 frost giant skeletons
  16 vault sentinels
  2 torpor snails
  3 shock serpent skeletons
  A black draconian zombie (Geh:3)
  8 fire giant skeletons
  12 spectral swamp worms (Tar:7)
  17 orange demons
  6 gargoyles
  3 spiny frogs (shapeshifter)
  35 hellions
  2 catoblepas zombies
  4 dire elephant skeletons
  23 efreet
  A minotaur zombie (Dis:3)
  12 rime drakes
  6 spiny frogs
  3 emperor scorpion zombies
  24 demonic crawlers
  A yaktaur (shapeshifter) (Elf:2)
  39 freezing wraiths
  3 kobold demonologists
  5 komodo dragons
  A redback zombie (D:15)
  41 yaktaurs
  4 anaconda simulacra
  49 ice devils
  53 tormentors
  An alligator snapping turtle skeleton (Crypt:2)
  18 trolls
  29 ancient zymes
  A golden dragon simulacrum (Depths:2)
  15 hellwings
  A troll (shapeshifter) (Depths:4)
  A catoblepas skeleton (Pan)
  2 polar bears (shapeshifter)
  A meliai (shapeshifter) (Depths:3)
  5 harpy zombies
  47 red devils
  9 hydra zombies
  31 jumping spiders
  43 guardian mummies
  17 merfolk
  9 polar bears
  7 hydra skeletons
  5 tengu conjurers
  11 hornets
  2 silent spectres
  A moth of wrath zombie (Crypt:2)
  A death drake zombie (Crypt:1)
  2 wind drakes (Shoals:4)
  11 ettin zombies
  A wind drake (shapeshifter) (Abyss:1)
  6 fire dragon zombies
  A fire giant simulacrum (Vaults:3)
  2 dream sheep (Shoals:3)
  5 ice dragon zombies
  52 raiju
  A human simulacrum (Vaults:3)
  35 blink frogs
  18 hippogriffs
  A harpy skeleton (Coc:6)
  10 snapping turtles
  A frost giant simulacrum (Coc:7)
  107 slime creatures
  2 alligator zombies
  149 flying skulls
  A hippogriff (shapeshifter) (Vaults:5)
  A stone giant simulacrum (Coc:7)
  129 starcursed masses
  2 iron dragon simulacra
  A spriggan (D:12)
  4 black mamba zombies
  5 ice dragon skeletons
  61 redbacks
  2 vampires
  3 wyverns
  50 wraiths
  39 ynoxinuls
  4 air elementals
  3 fire dragon skeletons
  12 tarantellas
  6 ettin skeletons
  34 shadows
  19 water elementals
  A yak (shapeshifter) (Depths:5)
  6 alligator skeletons
  A basilisk (shapeshifter) (Abyss:1)
  15 ushabtiu
  2 black mamba skeletons
  3 fire bats (Abyss:1)
  11 steam dragons (Lair:4)
  9 golden eyes
  49 yaks
  3 basilisks
  12 vampire mosquitoes
  24 chaos spawn
  24 fire elementals
  9 hungry ghosts
  37 neqoxecs
  An emperor scorpion simulacrum (Abyss:1)
  A torturous demonspawn zombie (Crypt:1)
  Menkaure (D:7)
  A two-headed ogre zombie (Crypt:2)
  12 wargs
  6 insubstantial wisps
  A faun zombie (Crypt:2)
  An infernal demonspawn zombie (Crypt:1)
  A soldier ant (D:13)
  8 spiny frog zombies
  17 spatial vortices
  A hydra simulacrum (Hell)
  3 floating eyes (shapeshifter)
  59 hell hounds
  9 water moccasins
  A faun skeleton (Crypt:1)
  2 acid dragons (Vaults:1)
  2 floating eyes (Pan)
  A soldier ant (shapeshifter) (Vaults:5)
  9 ice beasts
  16 porcupines
  A water nymph skeleton (Crypt:1)
  44 orc warriors
  6 sky beasts
  15 black bears
  2 alligator simulacra (Hell)
  A hornet zombie (D:15)
  A black bear (shapeshifter) (Abyss:4)
  5 manticore zombies
  5 spiny frog skeletons
  An ettin simulacrum (Hell)
  18 boggarts
  57 ogres
  15 eyes of draining
  17 necrophages
  5 snapping turtle skeletons
  4 wolves (Lair:6)
  8 phantoms
  5 snapping turtle zombies
  2 swamp dragon zombies
  A tengu (shapeshifter) (Depths:3)
  A swamp dragon skeleton (Coc:6)
  A black mamba simulacrum (Abyss:1)
  14 centaurs
  4 manticore skeletons
  An elf simulacrum (Vaults:1)
  3 elf zombies
  15 crocodiles
  4 big kobolds
  22 bullfrogs
  A glowing shapeshifter simulacrum (Vaults:1)
  A yaktaur skeleton (Vaults:1)
  8 earth elementals
  3 elf skeletons
  A wyvern skeleton (D:14)
  A spiny frog simulacrum (Coc:6)
  92 small abominations
  A hornet simulacrum (Vaults:1)
  A water moccasin skeleton (D:12)
  5 scorpions
  A spriggan zombie (Dis:7)
  A yak zombie (Crypt:2)
  76 wights
  A troll skeleton (Geh:7)
  2 vampire bats (D:4)
  8 electric eels
  3 howler monkeys
  A raiju skeleton (Crypt:2)
  27 crimson imps
  6 bullfrog zombies
  A demonspawn zombie (Crypt:2)
  9 quasits
  5 human zombies
  9 centaur skeletons
  6 hounds
  25 orc priests
  6 jellies
  33 orc wizards
  A bullfrog skeleton (D:4)
  44 iron imps
  4 human skeletons
  7 iguanas
  24 worker ants
  Ijyb (D:5)
  13 hell rats
  An acid dragon zombie (Crypt:1)
  A dwarf zombie (Crypt:2)
  A naga zombie (Dis:7)
  A tengu zombie (Coc:7)
  A demigod skeleton (Crypt:1)
  A naga skeleton (Geh:4)
  An ogre skeleton (Pan)
  A hound zombie (D:7)
  82 mummies
  Robin (D:3)
  2 worker ant zombies
  3 gnolls (D:3)
  A howler monkey skeleton (D:6)
  9 adders
  17 shadow imps
  35 white imps
  13 ufetubi
  An ooze (D:3)
  An ooze (shapeshifter) (Abyss:2)
  An iguana zombie (Crypt:1)
  An adder skeleton (D:8)
  3 worms
  2 dart slugs
  5 leopard geckos
  125 orcs
  2 bat skeletons (D:4)
  4 bat zombies (D:4)
  7 giant cockroaches
  18 goblins
  12 hobgoblins
  3 jackals (D:3)
  6 quokkas
  A ball python (D:3)
  11 bats
  7 frilled lizards
  A gnoll skeleton (Crypt:1)
  27 kobolds
  2 kobold skeletons (Crypt:3)
  A leopard gecko skeleton (D:4)
  An orc skeleton (D:9)
  An orc zombie (D:9)
  A quokka skeleton (D:6)
  A quokka zombie (D:7)
  4 rats
  2 crawling corpses (Elf:3)
  4 fire vortices
  A fungus (Lair:2)
  2 lurking horrors
  28 starspawn tentacles
  17 tentacles
5831 creatures vanquished.

Vanquished Creatures (collateral kills)
  the Royal Jelly (Slime:5)
  A deep elf sorcerer (Elf:3)
  A vault warden (Vaults:1)
  An emperor scorpion (Spider:4)
  A deep elf elementalist (Elf:3)
  2 very ugly things (WizLab)
  A deep elf death mage (Elf:2)
  A yaktaur captain (Vaults:1)
  An ice dragon (Vaults:3)
  A tengu warrior (Depths:4)
  4 iron golems (Dis:7)
  A hell knight (Depths:4)
  A wizard (Vaults:3)
  3 orc knights
  2 wolf spiders (Spider:4)
  An orc sorcerer (Orc:1)
  3 deep elf magi
  A moth of wrath (Spider:4)
  A vault sentinel (Vaults:1)
  3 demonic crawlers (Spider:4)
  2 yaktaurs
  Prince Ribbit (D:8)
  3 hornets (Spider:4)
  A water elemental (Elf:2)
  A tarantella (Spider:4)
  An orc warrior (Orc:1)
  An ogre (Vaults:3)
  An orc wizard (Orc:1)
  3 orcs
45 creatures vanquished.

Vanquished Creatures (others)
  3 eldritch tentacles
  2 elemental wellsprings (Coc:7)
  A deep elf annihilator (Elf:3)
  A green death (Abyss:4)
  2 merfolk aquamancers (Shoals:4)
  A dancing weapon (Elf:2)
  A thrashing horror (Abyss:1)
  A hell hog (Geh:7)
  4 deep elf knights
  A wizard (Pan)
  A sea snake (Shoals:4)
  An orb spider (Spider:4)
  A wolf spider (Spider:1)
  4 deep elf magi
  A water nymph (Shoals:4)
  An eye of devastation (Pan)
  A smoke demon (Abyss:4)
  A spiny frog (Lair:4)
  A kobold demonologist (Abyss:1)
  A tormentor (Geh:6)
  A yaktaur (Vaults:5)
  A hellwing (Pan)
  A guardian mummy (Tomb:2)
  A hornet (Depths:4)
  2 large abominations (Pan)
  A flying skull (Coc:7)
  A tarantella (Spider:4)
  2 water elementals (Hell)
  2 ynoxinuls
  A yak (Lair:4)
  A small abomination (Abyss:4)
  5 spatial vortices (Abyss:1)
  An elf skeleton (Vaults:1)
  An orc warrior (Orc:2)
  5 wights
  A crimson imp (Pan)
  A starcursed mass (Abyss:4)
  A quasit (Abyss:1)
  A white imp (Coc:7)
  7 orcs
  A goblin (D:3)
  A kobold (Abyss:1)
  A demonic plant (WizLab)
  7 fungi
  8 lurking horrors
  6 plants
  5 spectral weapons
  81 starspawn tentacles
  39 tentacles
  20 withered plants (Crypt:3)
236 creatures vanquished.

Grand Total: 6112 creatures vanquished

Notes
Turn   | Place    | Note
-------+----------+-------------------------------------------
     0 | D:1      | Inquire the Gargoyle Berserker began the quest for the Orb.
     0 | D:1      | Reached XP level 1. HP: 14/14 MP: 1/1
   244 | D:1      | Reached XP level 2. HP: 11/19 MP: 2/2
   597 | D:1      | Reached XP level 3. HP: 21/24 MP: 3/3
   602 | D:1      | Reached ** piety under Trog
  1176 | D:2      | Reached XP level 4. HP: 14/29 MP: 4/4
  1716 | D:3      | Reached XP level 5. HP: 19/34 MP: 5/5
  1924 | D:3      | Found a glowing golden altar of the Shining One.
  2700 | D:3      | Noticed Robin
  2718 | D:3      | Reached *** piety under Trog
  2732 | D:3      | Killed Robin
  2732 | D:3      | Reached XP level 6. HP: 28/40 MP: 6/6
  3137 | D:4      | Reached skill level 5 in Fighting
  3181 | D:4      | Reached skill level 1 in Throwing
  3238 | D:4      | Reached skill level 5 in Maces & Flails
  3340 | D:4      | Found an ancient bone altar of Kikubaaqudgha.
  3347 | D:4      | Reached XP level 7. HP: 44/44 MP: 7/7
  3570 | D:4      | Found a snail-covered altar of Cheibriados.
  3909 | D:5      | Entered Level 5 of the Dungeon
  4218 | D:5      | Found a shadowy altar of Dithmenos.
  4324 | D:5      | Noticed Ijyb
  4336 | D:5      | Killed Ijyb
  4436 | D:5      | Reached skill level 1 in Slings
  4436 | D:5      | Reached XP level 8. HP: 51/52 MP: 8/8
  4488 | D:5      | Found a deep blue altar of Sif Muna.
  4488 | D:5      | Found a stormy altar of Qazlal.
  5099 | D:6      | Reached **** piety under Trog
  5226 | D:6      | Noticed a troll
  5240 | D:6      | Killed a troll
  5304 | D:6      | Reached XP level 9. HP: 57/57 MP: 9/9
  5479 | D:8      | Noticed Psyche
  5495 | D:8      | Killed Psyche
  5495 | D:8      | Reached skill level 5 in Armour
  5655 | D:8      | Found Cirer's Assorted Antiques.
  5660 | D:8      | Bought a heavily runed lead ring for 145 gold pieces
  5660 | D:8      | Bought a smoking scimitar for 261 gold pieces
  5660 | D:8      | Identified the +7 scimitar of the Traitor {speed, rN+} (You
                  | bought it in a shop on level 8 of the Dungeon)
  5661 | D:8      | Identified the ring "Goeduaff" {rN+ Int+6} (You bought it
                  | in a shop on level 8 of the Dungeon)
  5735 | D:8      | Received a gift from Trog
  5841 | D:8      | Noticed a two-headed ogre
  5851 | D:8      | Killed a two-headed ogre
  5915 | D:8      | Found a white marble altar of Elyvilon.
  6014 | D:8      | Noticed Erica
  6026 | D:8      | Killed Erica
  6026 | D:8      | Reached skill level 5 in Dodging
  6026 | D:8      | Reached XP level 10. HP: 61/66 MP: 10/10
  6174 | D:8      | Found Oskunome's Jewellery Shoppe.
  6250 | D:8      | Noticed Prince Ribbit
  6261 | D:8      | Killed Prince Ribbit
  6346 | D:8      | Noticed Joseph
  6363 | D:8      | Killed Joseph
  6490 | D:7      | Noticed Harold
  6514 | D:7      | Killed Harold
  6729 | D:7      | Found a staircase to the Ecumenical Temple.
  6806 | D:7      | Noticed Menkaure
  6815 | D:7      | Killed Menkaure
  6894 | D:7      | Reached skill level 10 in Fighting
  7236 | D:9      | Noticed a kobold demonologist
  7249 | D:9      | Killed a kobold demonologist
  7249 | D:9      | Reached XP level 11. HP: 72/72 MP: 11/11
  7273 | D:9      | Reached skill level 5 in Long Blades
  7354 | D:9      | Found a staircase to the Orcish Mines.
  7401 | D:9      | Reached ***** piety under Trog
  7513 | D:9      | Noticed a two-headed ogre
  7520 | D:9      | Killed a two-headed ogre
  7556 | D:9      | Found a blossoming altar of Fedhas.
  7561 | D:9      | Found a radiant altar of Vehumet.
  7602 | D:9      | Noticed Pikel
  7615 | D:9      | Killed Pikel
  7640 | D:9      | Found a roughly hewn altar of Beogh.
  8024 | D:9      | Found a basalt altar of Yredelemnul.
  8255 | D:10     | Entered Level 10 of the Dungeon
  8282 | D:10     | Found a staircase to the Lair.
  8993 | D:11     | Killed an unseen horror
  9004 | D:11     | Killed an unseen horror
  9284 | D:11     | Found Beok's Armour Emporium.
  9293 | D:11     | Bought a +0 pair of boots for 72 gold pieces
  9300 | D:11     | Noticed a death knight
  9301 | D:11     | Found a large runed translucent door.
  9342 | D:11     | Killed a death knight
  9342 | D:11     | Reached XP level 12. HP: 71/80 MP: 12/12
  9364 | D:11     | Found a large runed translucent door.
  9671 | D:11     | Noticed feta's ghost (journeyman FoFi)
 10072 | D:11     | Found a shattered altar of Ashenzari.
 10237 | D:11     | Killed feta's ghost
 10237 | D:11     | Reached skill level 10 in Armour
 10445 | D:12     | Reached ****** piety under Trog
 10445 | D:12     | Received a gift from Trog
 10450 | D:12     | Got a scorched great sword {god gift}
 10451 | D:12     | Identified the +2 great sword "Zystry" {holy, rPois} (Trog
                  | gifted it to you on level 12 of the Dungeon)
 11076 | D:12     | Found a portal to a secret trove of treasure.
 11337 | Lair:1   | Entered Level 1 of the Lair of Beasts
 11402 | D:8      | Gained mutation: You are weak. (Str -2) [potion of
                  | mutation]
 11402 | D:8      | Gained mutation: You passively map a small area around you.
                  | [potion of mutation]
 11813 | Lair:1   | Lost mutation: You passively map a small area around you.
                  | [potion of mutation]
 11813 | Lair:1   | Lost mutation: You are weak. (Str -2) [potion of mutation]
 11813 | Lair:1   | Gained mutation: You have a pair of small antennae on your
                  | head. [potion of mutation]
 11813 | Lair:1   | Gained mutation: You are partially covered in yellow
                  | scales. (AC +2) [potion of mutation]
 12488 | Lair:2   | Got an ancient turquoise ring
 12568 | Lair:2   | Identified the ring of Poine {Fire +Blink rN+ MR+ Str-4}
                  | (You found it on level 2 of the Lair of Beasts)
 12662 | Lair:2   | Reached XP level 13. HP: 76/87 MP: 11/13
 12921 | Lair:2   | Found a hole to the Spider Nest.
 13504 | Lair:3   | Found a runed translucent gate.
 13505 | Lair:3   | Found a runed translucent gate.
 13506 | Lair:3   | Found a runed translucent gate.
 13507 | Lair:3   | Noticed Shaidar's ghost (journeyman MiBe)
 13553 | Lair:3   | Killed Shaidar's ghost
 13577 | Lair:3   | Got a pitted scimitar
 13580 | Lair:3   | Got a slimy robe
 13591 | Lair:3   | Identified the +0 robe of Xugaonat {rPois Str+3} (You found
                  | it on level 3 of the Lair of Beasts)
 13603 | Lair:3   | Identified the +10 scimitar "Moeluty" {vamp, rC+ rN++ MP+9
                  | Int-3} (You found it on level 3 of the Lair of Beasts)
 14351 | Lair:4   | Received a gift from Trog
 14378 | Lair:4   | Noticed Rupert
 14378 | Lair:4   | Paralysed by Rupert for 7 turns
 14402 | Lair:4   | Killed Rupert
 14954 | Lair:4   | Found a staircase to the Shoals.
 15064 | Lair:4   | Gained mutation: Your large and strong wings let you fly
                  | indefinitely. [Gargoyle growth]
 15064 | Lair:4   | Reached XP level 14. HP: 81/94 MP: 11/14
 15345 | Lair:4   | Found the +8 orange crystal plate armour {Archmagi, Int+3
                  | Clar}
 15372 | Lair:5   | You are sucked into a shaft and drop 1 floor!
 15372 | Lair:6   | Entered Level 6 of the Lair of Beasts
 15557 | Lair:6   | Reached skill level 10 in Long Blades
 16125 | Lair:6   | Received a gift from Trog
 17340 | Lair:5   | Reached XP level 15. HP: 100/100 MP: 13/15
 17409 | Lair:5   | Received a gift from Trog
 17923 | Orc:1    | Entered Level 1 of the Orcish Mines
 18193 | Orc:2    | Entered Level 2 of the Orcish Mines
 18340 | Orc:2    | Found a runed translucent door.
 18360 | Orc:2    | Found a staircase to the Elven Halls.
 18383 | Orc:2    | Noticed Murumi's ghost (journeyman FoFi)
 18521 | Orc:2    | Noticed an orc warlord
 18587 | Orc:2    | Killed an orc warlord
 18594 | Orc:2    | Reached skill level 15 in Armour
 18812 | Orc:2    | Received a gift from Trog
 18928 | Orc:2    | Found a roughly hewn altar of Beogh.
 18929 | Orc:2    | Found Caoppuist's Armour Boutique.
 19011 | Orc:2    | Found Goemec's Antique Weapon Shop.
 19012 | Orc:2    | Found a roughly hewn altar of Beogh.
 19013 | Orc:2    | Found Vuawn's Antique Armour Boutique.
 19020 | Orc:2    | Bought a steaming ring mail for 324 gold pieces
 19026 | Orc:2    | Bought a runed double sword for 378 gold pieces
 19077 | Orc:2    | Found a roughly hewn altar of Beogh.
 19133 | Orc:2    | Found a roughly hewn altar of Beogh.
 19181 | Orc:2    | Found a roughly hewn altar of Beogh.
 19231 | Orc:2    | Found a roughly hewn altar of Beogh.
 19260 | Orc:2    | Found Luczeol's Antique Armour Shoppe.
 19357 | Orc:2    | Killed Murumi's ghost
 19360 | Orc:2    | Got a jade-encrusted chain mail
 19719 | D:13     | Noticed Josephine
 19726 | D:13     | Killed Josephine
 20058 | D:13     | You are sucked into a shaft and drop 2 floors!
 20058 | D:15     | Entered Level 15 of the Dungeon
 20058 | D:15     | Found Yguige's Distillery.
 20075 | D:15     | Found Eliri's Gadget Shoppe.
 20091 | D:15     | Bought a potion of curing for 42 gold pieces
 20091 | D:15     | Bought a potion of resistance for 140 gold pieces
 20091 | D:15     | Bought a potion of brilliance for 56 gold pieces
 20091 | D:15     | Bought a potion of agility for 56 gold pieces
 20091 | D:15     | Bought 2 potions of agility for 112 gold pieces
 20091 | D:15     | Bought a potion of haste for 140 gold pieces
 20091 | D:15     | Bought a potion of curing for 42 gold pieces
 20091 | D:15     | Bought a potion of curing for 42 gold pieces
 20091 | D:15     | Bought a potion of resistance for 140 gold pieces
 20320 | D:15     | Found a staircase to the Depths.
 20401 | D:15     | Received a gift from Trog
 20402 | D:15     | Found Qohe's Gadget Emporium.
 20412 | D:15     | Bought a wand of digging (7) for 286 gold pieces
 20505 | D:15     | Found Kyuma's Antique Weapon Shop.
 20541 | D:15     | Received a gift from Trog
 20597 | D:15     | Found a shimmering altar of Xom.
 20604 | D:15     | Found the +7 mace of Variability {chain chaos}
 21131 | D:14     | Reached XP level 16. HP: 103/105 MP: 16/16
 21135 | D:14     | Found a gate to the Vaults.
 21215 | D:14     | Found Xoabbequ's Antique Weapon Shop.
 21520 | D:14     | Identified the cursed +0 chain mail "Etexaevu" {-Tele rPois
                  | Regen+ Int+4} (You found it on level 2 of the Orcish Mines)
 21638 | D:14     | Identified Roxanne's Guide on Stones
 21638 | D:14     | Noticed Roxanne
 21795 | D:14     | Noticed Frances
 21813 | D:14     | Killed Frances
 21942 | D:13     | Received a gift from Trog
 22484 | Elf:1    | Entered Level 1 of the Elven Halls
 22484 | Elf:1    | Found Ile Widd's Magic Scroll Shoppe.
 22486 | Elf:1    | Bought a scroll of blinking for 105 gold pieces
 22486 | Elf:1    | Bought a scroll of fear for 49 gold pieces
 22486 | Elf:1    | Bought a scroll of teleportation for 42 gold pieces
 22601 | Spider:1 | Entered Level 1 of the Spider Nest
 22950 | Spider:1 | Reached skill level 10 in Dodging
 23113 | Spider:1 | Received a gift from Trog
 23156 | Spider:1 | Noticed Aizul
 23178 | Spider:1 | Killed Aizul
 23353 | Spider:1 | Found a runed translucent door.
 23353 | Spider:1 | Found a shimmering altar of Xom.
 23353 | Spider:1 | Noticed pentaxis93's ghost (adept DEFE)
 23577 | Spider:1 | Killed pentaxis93's ghost
 23584 | Spider:1 | Identified the Grimoire of Blistering Envenoming
 23590 | Spider:1 | Identified the cursed +1 ring mail of Momiq {+Inv rPois
                  | Dex+2 Stlth-} (You bought it in a shop on level 2 of the
                  | Orcish Mines)
 24110 | Spider:3 | Reached XP level 17. HP: 93/112 MP: 5/17
 24411 | Spider:4 | Entered Level 4 of the Spider Nest
 24567 | Spider:4 | Received a gift from Trog
 24608 | Spider:4 | Got an encrusted great mace {god gift}
 24645 | Spider:4 | Identified the +5 great mace of Accidental Termination
                  | {holy, rPois Str+7 Int+3 Dex-2} (Trog gifted it to you on
                  | level 4 of the Spider Nest)
 25454 | Spider:4 | Received a gift from Trog
 25509 | Spider:4 | Got a gossamer rune of Zot
 25544 | Spider:4 | Reached skill level 15 in Fighting
 26426 | Shoals:1 | Entered Level 1 of the Shoals
 26711 | Shoals:1 | You are sucked into a shaft and drop 1 floor!
 26719 | Shoals:2 | Found a blossoming altar of Fedhas.
 26878 | Shoals:2 | Found a runed translucent door.
 26886 | Shoals:2 | Noticed Hiumnij's ghost (adept MiFi)
 26918 | Shoals:2 | Killed Hiumnij's ghost
 26965 | Shoals:2 | Reached XP level 18. HP: 119/119 MP: 18/18
 28121 | Shoals:3 | Received a gift from Trog
 28172 | Shoals:4 | Entered Level 4 of the Shoals
 28351 | Shoals:4 | Found a runed translucent gate.
 28351 | Shoals:4 | Found a runed translucent gate.
 28351 | Shoals:4 | Found a runed translucent gate.
 28354 | Shoals:4 | Noticed Peloso's ghost (adept MiFi)
 28445 | Shoals:4 | Killed Peloso's ghost
 28679 | Shoals:4 | Got a barnacled rune of Zot
 28718 | Shoals:4 | Found Neqoeh's Mayhem Merchandise.
 28935 | Shoals:4 | Identified the Reference Book on the Quantum Volcanoes
 30083 | Shoals:1 | Received a gift from Trog
 30490 | Elf:1    | Bought a scroll of enchant weapon for 105 gold pieces
 30719 | Elf:1    | Reached XP level 19. HP: 105/127 MP: 16/19
 31060 | Elf:1    | Found Kaonia's Food Boutique.
 31062 | Elf:1    | Found Fenopt's Distillery.
 31070 | Elf:1    | Bought a potion of heal wounds for 85 gold pieces
 31070 | Elf:1    | Bought a potion of haste for 170 gold pieces
 31070 | Elf:1    | Bought a potion of curing for 51 gold pieces
 31070 | Elf:1    | Bought a potion of curing for 51 gold pieces
 31070 | Elf:1    | Bought 2 potions of heal wounds for 170 gold pieces
 31070 | Elf:1    | Bought a potion of agility for 68 gold pieces
 31235 | Elf:1    | Got a slimy battleaxe
 31239 | Elf:1    | Got a scorched great sword
 31269 | Elf:1    | Identified the +5 battleaxe "Beastbane" {speed, rC- Int-2
                  | Dex+10 Stlth+} (You found it on level 1 of the Elven Halls)
 31271 | Elf:1    | Identified the +6 great sword of Dishonour {venom, rN+}
                  | (You found it on level 1 of the Elven Halls)
 31513 | Elf:2    | Found Tiolifi's Distillery.
 31616 | Elf:2    | Received a gift from Trog
 31968 | Elf:2    | Found a runed translucent gate.
 31968 | Elf:2    | Found a runed translucent gate.
 31969 | Elf:2    | Found a runed translucent gate.
 32075 | Elf:3    | Entered Level 3 of the Elven Halls
 32079 | Elf:3    | Found Xigot's Antique Weapon Boutique.
 32101 | Elf:3    | Found Mizo's Gadget Boutique.
 32383 | Elf:3    | Found Vuaniczeli's Weapon Emporium.
 32405 | Elf:3    | Received a gift from Trog
 32772 | Elf:3    | Found Setetheb's Antique Armour Shop.
 33043 | Elf:3    | Identified the +2 great mace "Xenetas" {speed, -Tele MR+
                  | Str+5 Dex+2}
 33055 | Elf:3    | Received a gift from Trog
 33204 | Elf:3    | Identified the ring "Basm" {*Tele *Drain rPois rF+ Str+4}
 33332 | Elf:3    | Cast into level 3 of the Abyss (a deep elf sorcerer)
 33427 | Abyss:3  | Reached XP level 20. HP: 136/136 MP: 20/20
 33604 | Elf:3    | Escaped the Abyss
 33704 | Elf:3    | Identified the Papyrus of Scorching Combat Magic
 33708 | Elf:3    | Identified the +1 plate armour of the Other Side {rElec rF-
                  | Str+5 SInv} (You found it on level 3 of the Elven Halls)
 33723 | Elf:3    | Got an ancient hat
 33729 | Elf:3    | Identified the cursed -5 hat "Cysol" {rPois} (You found it
                  | on level 3 of the Elven Halls)
 33740 | Elf:3    | Identified Sif Muna's Catalogue of Warped Conjuration
 33849 | Elf:3    | Found the +9 heavy crossbow "Sniper" {velocity, Acc+∞ SInv}
 33905 | Elf:3    | Identified the +6 great mace of Somewhere Else {crush,
                  | rElec rF+ Int-3 Dex+5}
 34182 | Vaults:1 | Entered Level 1 of the Vaults
 34528 | Vaults:1 | Cast into level 2 of the Abyss (orc knight)
 34645 | Abyss:2  | Found a corrupted altar of Lugonu.
 34662 | Vaults:1 | Escaped the Abyss
 34941 | Vaults:1 | Received a gift from Trog
 34969 | Vaults:1 | Identified the +11 demon blade "Bixzif" {flame, rPois}
                  | (Trog gifted it to you on level 1 of the Vaults)
 36168 | Vaults:2 | Reached skill level 10 in Maces & Flails
 36267 | Vaults:2 | Found a magical portal.
 36281 | WizLab   | Entered Lehudib's Moon Base
 36446 | WizLab   | Received a gift from Trog
 36485 | WizLab   | Found a transporter.
 36853 | WizLab   | Gained mutation: Armour fits poorly on your strangely
                  | shaped body. [a cacodemon]
 36943 | WizLab   | Lost mutation: Armour fits poorly on your strangely shaped
                  | body. [potion of mutation]
 36943 | WizLab   | Lost mutation: You have a pair of small antennae on your
                  | head. [potion of mutation]
 36943 | WizLab   | Lost mutation: You are partially covered in yellow scales.
                  | (AC +2) [potion of mutation]
 36943 | WizLab   | Gained mutation: You have sharp toenails. [potion of
                  | mutation]
 36943 | WizLab   | Gained mutation: You expend magic power (3 MP) to
                  | strengthen your wands. [potion of mutation]
 36943 | WizLab   | Gained mutation: You possess an exceptional clarity of
                  | mind. [potion of mutation]
 36943 | WizLab   | Gained mutation: Your mind is acute. (Int +2) [potion of
                  | mutation]
 36982 | WizLab   | Reached XP level 21. HP: 124/144 MP: 18/21
 37092 | WizLab   | Received a gift from Trog
 37565 | WizLab   | Found a transporter.
 37568 | WizLab   | Reached skill level 15 in Dodging
 37797 | WizLab   | Got a glittering bone ring
 37798 | WizLab   | Identified the ring of Golaz {rElec rC+ rN+ Str+4} (You
                  | found it in a wizard's laboratory)
 38123 | WizLab   | Identified Lehudib's Disquisition on the Unstable Rocks
 38159 | WizLab   | Received a gift from Trog
 38178 | WizLab   | Identified the amulet "Voefar Sana" {Harm *Drain rC++} (You
                  | found it in a wizard's laboratory)
 38257 | Vaults:2 | Paralysed by a great orb of eyes for 7 turns
 39933 | Vaults:3 | You are sucked into a shaft and drop 1 floor!
 39969 | Vaults:4 | Noticed Donald
 39969 | Vaults:4 | Noticed Xtahua
 40078 | Vaults:4 | Killed Donald
 40337 | Vaults:3 | Gained mutation: Armour fits poorly on your strangely
                  | shaped body. [a neqoxec]
 40344 | Vaults:3 | Received a gift from Trog
 40464 | Vaults:3 | Found a staircase to the Crypt.
 40491 | Vaults:3 | Reached XP level 22. HP: 148/152 MP: 22/22
 40519 | Vaults:3 | Received a gift from Trog
 40816 | Vaults:3 | Lost mutation: You expend magic power (3 MP) to strengthen
                  | your wands. [potion of mutation]
 40816 | Vaults:3 | Lost mutation: Armour fits poorly on your strangely shaped
                  | body. [potion of mutation]
 40816 | Vaults:3 | Gained mutation: You have an increased reservoir of magic.
                  | (+10% MP) [potion of mutation]
 40816 | Vaults:3 | Gained mutation: Scrolls take you a little longer to read.
                  | [potion of mutation]
 40816 | Vaults:3 | Gained mutation: You are agile. (Dex +2) [potion of
                  | mutation]
 41010 | Vaults:3 | Found a runed translucent door.
 41010 | Vaults:3 | Found a shimmering altar of Xom.
 41010 | Vaults:3 | Noticed Sudaz's ghost (veteran MiGl)
 41037 | Vaults:3 | Reached skill level 15 in Maces & Flails
 41582 | Vaults:3 | Killed Sudaz's ghost
 41689 | Crypt:1  | Entered Level 1 of the Crypt
 42107 | Crypt:1  | Paralysed by a vampire knight for 5 turns
 42135 | Crypt:1  | Paralysed by something for 3 turns
 42141 | Crypt:1  | Received a gift from Trog
 42296 | Crypt:1  | Identified a scroll of acquirement
 42485 | Crypt:1  | Identified the +1 ring mail of Ennui {rC+} (You found it on
                  | level 1 of the Crypt)
 42964 | Crypt:2  | Received a gift from Trog
 43458 | Crypt:3  | Entered Level 3 of the Crypt
 43878 | Crypt:3  | Identified the +1 ring mail of Parts Unknown {rF+ Dex+3
                  | Slay+2} (You found it on level 3 of the Crypt)
 43986 | Crypt:3  | Found a staircase to the Tomb.
 44486 | Crypt:3  | Reached XP level 23. HP: 110/160 MP: 21/25
 44568 | Crypt:3  | Found an ancient bone altar of Kikubaaqudgha.
 44570 | Crypt:3  | Noticed an ancient lich
 44590 | Crypt:3  | Killed an ancient lich
 44641 | Crypt:3  | Got a wavering ivory ring
 44644 | Crypt:3  | Identified the ring "Quomeu" {rF+ Int-2 Dex+4 SInv} (You
                  | found it on level 3 of the Crypt)
 44660 | Crypt:3  | Noticed an ancient lich
 44670 | Crypt:3  | Killed an ancient lich
 45161 | Depths:1 | Entered Level 1 of the Depths
 45171 | D:15     | Received a gift from Trog
 45174 | D:15     | Reached skill level 5 in Slings
 45334 | D:15     | Got an ivory great sword {god gift}
 45335 | D:15     | Identified the +11 great sword of Dominance {drain, *Drain
                  | rPois rF+ Str+4} (Trog gifted it to you on level 15 of the
                  | Dungeon)
 45338 | Depths:1 | Paralysed by a great orb of eyes for 7 turns
 45692 | Depths:1 | Paralysed by a great orb of eyes for 3 turns
 46427 | Depths:1 | Found a gateway to Hell.
 46732 | Depths:2 | Received a gift from Trog
 48205 | Depths:2 | Received a gift from Trog
 48269 | Depths:2 | Reached skill level 1 in Shields
 48296 | Depths:2 | Found an iron altar of Okawaru.
 48561 | Depths:3 | Reached skill level 10 in Slings
 48690 | Depths:3 | Received a gift from Trog
 48690 | Depths:3 | Reached XP level 24. HP: 168/168 MP: 25/25
 49012 | Depths:3 | Found a one-way gate to the infinite horrors of the Abyss.
 49016 | Depths:3 | Found a one-way gate leading to the halls of Pandemonium.
 49599 | Depths:4 | Reached skill level 5 in Shields
 49706 | Depths:4 | Found Rogev's Book Boutique.
 49795 | Depths:4 | Received a gift from Trog
 49828 | Depths:4 | Found a gateway to a ziggurat.
 49961 | Depths:4 | Received a gift from Trog
 50078 | Depths:4 | Paralysed by a vampire knight for 5 turns
 50105 | Depths:4 | Received a gift from Trog
 50231 | Depths:4 | Received a gift from Trog
 50463 | Depths:4 | Got a scorched glass ring
 50479 | Depths:4 | Got a smoking turquoise ring
 50683 | Depths:5 | Entered Level 5 of the Depths
 50823 | Depths:5 | Received a gift from Trog
 51110 | Depths:5 | Identified the ring "Fuemm" {rElec Stlth+} (You found it on
                  | level 4 of the Depths)
 51447 | Depths:5 | Reached XP level 25. HP: 161/176 MP: 19/25
 51453 | Depths:5 | Found a gate to the Realm of Zot.
 51777 | Depths:4 | Found a hide-covered altar of Uskayaw.
 51811 | Depths:4 | Reached skill level 10 in Shields
 52056 | Depths:3 | Identified the ring "Gimafiem" {rC+ MR+ Stlth+} (You found
                  | it on level 4 of the Depths)
 52098 | Depths:3 | Voluntarily entered the Abyss.
 52560 | Abyss:1  | Received a gift from Trog
 52591 | Abyss:1  | Paralysed by accursed screaming for 1 turns
 53127 | Abyss:2  | Received a gift from Trog
 53171 | Abyss:2  | Gained mutation: You are weak. (Str -2) [a neqoxec]
 53262 | Abyss:4  | Found a corrupted altar of Lugonu.
 53300 | Abyss:4  | Found a shattered altar of Ashenzari.
 53310 | Abyss:4  | Found a transporter.
 53347 | Abyss:4  | Paralysed by accursed screaming for 1 turns
 53358 | Abyss:4  | Found a transporter.
 53412 | Abyss:4  | Found a shattered altar of Ashenzari.
 53516 | Abyss:4  | Found a transporter.
 53687 | Abyss:4  | Received a gift from Trog
 53951 | Abyss:4  | Received a gift from Trog
 54382 | Abyss:4  | Paralysed by accursed screaming for 1 turns
 54507 | Abyss:4  | Received a gift from Trog
 54665 | Abyss:4  | Reached XP level 26. HP: 174/186 MP: 24/25
 54668 | Abyss:4  | Found a corrupted altar of Lugonu.
 54752 | Abyss:4  | Received a gift from Trog
 55041 | Abyss:4  | Got an abyssal rune of Zot
 55121 | Abyss:4  | Paralysed by you for 4 turns
 55233 | Abyss:4  | Paralysed by accursed screaming for 1 turns
 55274 | Depths:3 | Escaped the Abyss
 55541 | D:12     | You showed the abyssal rune of Zot to enter a treasure
                  | trove
 55542 | Trove    | Entered a treasure trove
 55611 | Trove    | Reached XP level 27. HP: 154/154 MP: 20/20
 55641 | D:12     | Upgraded the game from 0.24-a0-493-g7e4ddcd485 to
                  | 0.24-a0-500-g46574c2197
 55882 | Vaults:4 | Reached skill level 15 in Shields
 56027 | Vaults:4 | Received a gift from Trog
 56028 | Vaults:4 | Found the +9 sword of Zonguldrok {reap}
 56163 | Vaults:4 | Paralysed by Xtahua for 5 turns
 56171 | Vaults:4 | Paralysed by Xtahua for 7 turns
 56179 | Vaults:4 | Killed Xtahua
 56494 | Vaults:4 | Received a gift from Trog
 56566 | Vaults:4 | Found the +7 Singing Sword {slice, sonic wave}
 57256 | Vaults:5 | Entered Level 5 of the Vaults
 57306 | Vaults:5 | Received a gift from Trog
 57613 | Vaults:5 | Received a gift from Trog
 57664 | Vaults:5 | Identified the ring "Acwa" {Ice rN+ Int+4 Dex+3 Slay-6}
 57724 | Vaults:5 | Identified the cursed +0 robe "Ydusow" {*Contam +Fly Dex+7
                  | Stlth+}
 57990 | Vaults:5 | Got a silver rune of Zot
 58267 | Vaults:5 | Received a gift from Trog
 58543 | Vaults:5 | Reached skill level 27 in Fighting
 58748 | Vaults:5 | Identified the +7 scimitar of Agony {distort, *Corrode rF+
                  | Dex+5} (You found it on level 5 of the Vaults)
 59145 | Vaults:5 | Got an ichor-stained plate armour
 59148 | Vaults:5 | Identified the +4 plate armour of Yniunwea {Int+6} (You
                  | found it on level 5 of the Vaults)
 59551 | Lair:6   | Found a staircase to the Slime Pits.
 59663 | Slime:1  | Entered Level 1 of the Pits of Slime
 60141 | Slime:2  | Received a gift from Trog
 60336 | Slime:5  | Entered Level 5 of the Pits of Slime
 60922 | Slime:5  | Received a gift from Trog
 61177 | Slime:4  | Received a gift from Trog
 61279 | Slime:5  | Found a viscous altar of Jiyva.
 61362 | Slime:5  | Lost mutation: You possess an exceptional clarity of mind.
                  | [a shining eye]
 61397 | Slime:5  | Noticed the Royal Jelly
 61482 | Slime:5  | Killed the Royal Jelly
 61531 | Slime:5  | Identified the +1 ring mail of Henotheism {+Inv rPois MP+9
                  | Int-5} (You found it on level 5 of the Pits of Slime)
 61644 | Slime:5  | Got a slimy rune of Zot
 62072 | D:3      | Fell from the grace of Trog
 62072 | D:3      | Became a worshipper of the Shining One
 62502 | Hell     | Entered the Vestibule of Hell
 62502 | Hell     | Noticed Geryon
 62509 | Hell     | Reached skill level 1 in Invocations
 62519 | Depths:3 | Reached * piety under the Shining One
 62562 | Hell     | Reached ** piety under the Shining One
 62960 | Depths:3 | Got an opalescent robe
 62963 | Depths:3 | Identified the +1 robe of Makhleb's Approval {Dex+4} (You
                  | found it on level 3 of the Depths)
 63064 | Depths:5 | Got a warped leather armour
 63067 | Depths:5 | Identified the +1 leather armour of the Sky {+Blink rElec
                  | Regen+ Str-4} (You found it on level 5 of the Depths)
 63162 | Depths:4 | Voluntarily entered the Abyss.
 63213 | Abyss:1  | Reached skill level 5 in Invocations
 63320 | Abyss:1  | Reached *** piety under the Shining One
 63525 | Abyss:2  | Found a corrupted altar of Lugonu.
 63550 | Abyss:2  | Identified the +7 shortbow of a bailey {speed, rElec rC-
                  | Str+4} (You found it on level 2 of the Abyss)
 63583 | Abyss:2  | Found an ancient bone altar of Kikubaaqudgha.
 63726 | Abyss:2  | Reached **** piety under the Shining One
 63746 | Abyss:2  | Reached skill level 10 in Invocations
 63835 | Depths:4 | Escaped the Abyss
 63837 | Depths:4 | Voluntarily entered the Abyss.
 64042 | Abyss:1  | Reached ***** piety under the Shining One
 64065 | Abyss:1  | Lost mutation: You are agile. (Dex +2) [a neqoxec]
 64445 | Abyss:1  | Noticed an ancient lich
 64457 | Abyss:1  | Killed an ancient lich
 64765 | Abyss:1  | Reached ****** piety under the Shining One
 65089 | Abyss:1  | Found a corrupted altar of Lugonu.
 65135 | Abyss:1  | Found a corrupted altar of Lugonu.
 65148 | Abyss:1  | Found a corrupted altar of Lugonu.
 65371 | Abyss:1  | Noticed an ancient lich
 65382 | Abyss:1  | Killed an ancient lich
 65382 | Abyss:1  | Reached skill level 15 in Invocations
 65677 | Abyss:1  | Found a corrupted altar of Lugonu.
 66444 | Abyss:1  | Found a corrupted altar of Lugonu.
 66479 | Abyss:1  | Found a corrupted altar of Lugonu.
 67928 | Abyss:1  | Paralysed by accursed screaming for 1 turns
 67950 | Abyss:1  | Paralysed by accursed screaming for 2 turns
 68035 | Depths:4 | Escaped the Abyss
 68308 | Depths:4 | Learned a level 2 spell: Blink
 68311 | Depths:4 | Learned a level 2 spell: Passwall
 68389 | Zot:1    | Entered Level 1 of the Realm of Zot
 68417 | Zot:1    | Reached skill level 1 in Spellcasting
 68517 | Zot:1    | Found a runed translucent gate.
 68517 | Zot:1    | Found a runed translucent gate.
 68668 | Zot:1    | Reached skill level 5 in Spellcasting
 69123 | Zot:1    | Learned a level 3 spell: Spectral Weapon
 69480 | Zot:1    | Found a runed translucent gate.
 69480 | Zot:1    | Found an ancient bone altar of Kikubaaqudgha.
 69480 | Zot:1    | Noticed an ancient lich
 69480 | Zot:1    | Noticed an ancient lich
 69480 | Zot:1    | Noticed an ancient lich
 69480 | Zot:1    | Noticed Yddewukk's ghost (legendary GnCj)
 69482 | Zot:1    | Noticed an ancient lich
 69524 | Zot:1    | Killed Yddewukk's ghost
 69527 | Zot:1    | Killed an ancient lich
 69530 | Zot:1    | Killed an ancient lich
 69537 | Zot:1    | Killed an ancient lich
 69537 | Zot:1    | Reached skill level 10 in Spellcasting
 69543 | Zot:1    | Killed an ancient lich
 69563 | Zot:1    | Got a pitted ivory ring
 69566 | Zot:1    | Identified the ring "Keapn" {*Tele Str+2} (You found it on
                  | level 1 of the Realm of Zot)
 69573 | Zot:1    | Identified the +2 hat of Kyebaul {rPois rF+} (You found it
                  | on level 1 of the Realm of Zot)
 71401 | Zot:3    | Reached skill level 1 in Charms
 71461 | Zot:3    | Learned a level 5 spell: Silence
 71468 | Zot:3    | Learned a level 6 spell: Deflect Missiles
 71691 | Zot:3    | Was forgiven by Trog
 71810 | Zot:4    | Reached skill level 1 in Air Magic
 71820 | Zot:4    | Reached skill level 5 in Charms
 72218 | Zot:4    | Found a transporter.
 72219 | Zot:4    | Found the +0 mask of the Dragon {MR+ Slay+3 SInv}
 72244 | Zot:4    | Found a transporter.
 72266 | Zot:4    | Reached skill level 5 in Air Magic
 72782 | Hell     | Killed Geryon
 72843 | Hell     | Reached skill level 10 in Charms
 72926 | Hell     | Found a gateway to the freezing wastes of Cocytus.
 73022 | Hell     | Found a gateway to the decaying netherworld of Tartarus.
 73156 | Hell     | Found a gateway to the ashen valley of Gehenna.
 73233 | Hell     | Found a gateway to the Iron City of Dis.
 73331 | Hell     | Learned a level 6 spell: Iron Shot
 73337 | Hell     | Learned a level 5 spell: Aura of Abjuration
 73344 | Hell     | Learned a level 6 spell: Shadow Creatures
 73349 | Hell     | Learned a level 4 spell: Passage of Golubria
 73402 | Tar:1    | Entered Level 1 of Tartarus
 74109 | Tar:4    | Reached skill level 10 in Air Magic
 75068 | Tar:7    | Entered Level 7 of Tartarus
 75314 | Tar:7    | Noticed the Serpent of Hell
 75322 | Tar:7    | Noticed Ereshkigal
 75330 | Tar:7    | Killed the Serpent of Hell
 75744 | Tar:7    | Reached skill level 15 in Charms
 76081 | Tar:7    | Identified the +9 fustibalus of Wywu {flame, MR+ Str+4
                  | Dex+3}
 76081 | Tar:7    | Identified the cursed +1 scale mail "Bupauts Lywu" {Slay+2}
 76387 | Tar:7    | Killed Ereshkigal
 76571 | Tar:7    | Found the +7 great mace "Undeadhunter" {disrupt, rN+}
 76572 | Tar:7    | Got a brightly glowing steel ring
 76575 | Tar:7    | Identified the ring of Numooquk {rC+ rN+} (You found it on
                  | level 7 of Tartarus)
 76579 | Tar:7    | Got a steaming glass ring
 76582 | Tar:7    | Identified the ring of Kauhid {rF+ Str+4 Int+4 Slay-4
                  | Stlth+} (You found it on level 7 of Tartarus)
 76595 | Tar:7    | Identified a +1 pair of boots of running (You found it on
                  | level 7 of Tartarus)
 76597 | Tar:7    | Got a smoking platinum amulet
 76600 | Tar:7    | Identified the amulet of the Failed Coup {Reflect Int+4
                  | SH+6} (You found it on level 7 of Tartarus)
 76604 | Tar:7    | Got a bone rune of Zot
 77092 | Dis:1    | Entered Level 1 of the Iron City of Dis
 77142 | Dis:1    | Reached skill level 1 in Hexes
 77324 | Dis:2    | Reached skill level 1 in Translocations
 77491 | Dis:3    | Reached skill level 15 in Spellcasting
 77794 | Dis:3    | Reached skill level 5 in Hexes
 78129 | Dis:5    | Reached skill level 5 in Translocations
 78385 | Dis:7    | Entered Level 7 of the Iron City of Dis
 78444 | Dis:7    | Reached skill level 1 in Summonings
 78764 | Dis:7    | Reached skill level 5 in Summonings
 79565 | Dis:7    | Got a translucent marble ring
 79568 | Dis:7    | Identified the ring of Kexexo {Str+2 Stlth+} (You found it
                  | on level 7 of the Iron City of Dis)
 79634 | Dis:7    | Identified Lofah's Disquisition on Fetching Confrontation
 79638 | Dis:7    | Gained mutation: You are clumsy. (Dex -2) [mutagenic glow]
 79829 | Dis:7    | Identified the +9 great mace of Income {pain, rF+} (You
                  | found it on level 7 of the Iron City of Dis)
 80050 | Dis:7    | Reached skill level 10 in Summonings
 80053 | Dis:7    | Identified the +4 staff of Dispater
 80053 | Dis:7    | Noticed Dispater
 80072 | Dis:7    | Killed Dispater
 80169 | Dis:7    | Identified the +3 scale mail of Mimue {Dex+2 Slay+2} (You
                  | found it on level 7 of the Iron City of Dis)
 80170 | Dis:7    | Identified Neipluoh's Handbook of Earthen Calling
 80177 | Dis:7    | Got an iron rune of Zot
 80180 | Dis:7    | Identified the Catalogue of Lightness and Moulding
 80820 | Tomb:1   | Entered Level 1 of the Tomb of the Ancients
 80909 | Tomb:1   | Reached skill level 1 in Earth Magic
 80911 | Tomb:1   | Reached skill level 1 in Conjurations
 80961 | Tomb:1   | Lost mutation: Scrolls take you a little longer to read.
                  | [potion of mutation]
 80961 | Tomb:1   | Lost mutation: Your mind is acute. (Int +2) [potion of
                  | mutation]
 80961 | Tomb:1   | Lost mutation: You have sharp toenails. [potion of
                  | mutation]
 80961 | Tomb:1   | Lost mutation: You are weak. (Str -2) [potion of mutation]
 80961 | Tomb:1   | Gained mutation: You are surrounded by a mild repulsion
                  | field. (EV +2) [potion of mutation]
 80961 | Tomb:1   | Gained mutation: You can translocate small distances at
                  | will. [potion of mutation]
 81236 | Tomb:1   | Noticed a greater mummy
 81252 | Tomb:1   | Killed a greater mummy
 81368 | Tomb:1   | Noticed Jory
 81377 | Tomb:1   | Killed Jory
 81501 | Tomb:2   | Noticed a greater mummy
 81503 | Tomb:2   | Noticed a greater mummy
 81504 | Tomb:2   | Noticed a greater mummy
 81518 | Tomb:2   | Killed a greater mummy
 81518 | Tomb:2   | Reached skill level 5 in Earth Magic
 81521 | Tomb:2   | Reached skill level 5 in Conjurations
 81527 | Tomb:2   | Killed a greater mummy
 81534 | Tomb:2   | Lost mutation: You can translocate small distances at will.
                  | [a Zot trap]
 81539 | Tomb:2   | Killed a greater mummy
 81573 | Tomb:2   | Noticed a greater mummy
 81604 | Tomb:2   | Killed a greater mummy
 81851 | Tomb:1   | Noticed a greater mummy
 81852 | Tomb:1   | Noticed a greater mummy
 81862 | Tomb:1   | Killed a greater mummy
 81866 | Tomb:1   | Killed a greater mummy
 81891 | Tomb:1   | Noticed a greater mummy
 81899 | Tomb:1   | Killed a greater mummy
 81913 | Tomb:1   | Noticed a greater mummy
 81915 | Tomb:1   | Noticed a greater mummy
 81923 | Tomb:1   | Killed a greater mummy
 81923 | Tomb:1   | Noticed a greater mummy
 81929 | Tomb:1   | Killed a greater mummy
 81934 | Tomb:1   | Killed a greater mummy
 81996 | Tomb:1   | Noticed a greater mummy
 82007 | Tomb:1   | Killed a greater mummy
 82092 | Tomb:1   | Reached skill level 10 in Earth Magic
 82101 | Tomb:1   | Noticed a greater mummy
 82108 | Tomb:1   | Killed a greater mummy
 82111 | Tomb:1   | Noticed a greater mummy
 82128 | Tomb:1   | Killed a greater mummy
 82128 | Tomb:1   | Noticed a greater mummy
 82146 | Tomb:1   | Noticed a greater mummy
 82146 | Tomb:1   | Noticed Boris
 82146 | Tomb:1   | Noticed a greater mummy
 82158 | Tomb:1   | Killed a greater mummy
 82161 | Tomb:1   | Killed a greater mummy
 82164 | Tomb:1   | Killed Boris
 82164 | Tomb:1   | Reached skill level 10 in Conjurations
 82191 | Tomb:1   | Noticed a greater mummy
 82200 | Tomb:1   | Killed a greater mummy
 82209 | Tomb:1   | Noticed a greater mummy
 82210 | Tomb:1   | Noticed Mara
 82212 | Tomb:1   | Noticed a greater mummy
 82220 | Tomb:1   | Killed a greater mummy
 82232 | Tomb:1   | Noticed Inquire's illusion
 82233 | Tomb:1   | Killed a greater mummy
 82247 | Tomb:1   | Killed Mara
 82418 | Tomb:3   | Entered Level 3 of the Tomb of the Ancients
 82474 | Tomb:3   | Noticed a greater mummy
 82482 | Tomb:3   | Killed a greater mummy
 82720 | Tomb:3   | Noticed a greater mummy
 82728 | Tomb:3   | Noticed a greater mummy
 82729 | Tomb:3   | Noticed a greater mummy
 82729 | Tomb:3   | Noticed a greater mummy
 82730 | Tomb:3   | Noticed a greater mummy
 82852 | Tomb:3   | Noticed a greater mummy
 82866 | Tomb:3   | Noticed a greater mummy
 82870 | Tomb:3   | Noticed a greater mummy
 82883 | Tomb:3   | Got a golden rune of Zot
 82911 | Tomb:3   | Identified the +3 scale mail "Geruih" {*Corrode +Fly rPois}
                  | (You found it on level 3 of the Tomb of the Ancients)
 82917 | Tomb:3   | Identified Gilipiro's Reference Book on Dark Transformation
 82925 | Tomb:3   | Identified the Compendium of Unstable Weightlessness
 82927 | Tomb:3   | Identified the Disquisition on the Oath
 82941 | Tomb:3   | Killed a greater mummy
 82947 | Tomb:3   | Killed a greater mummy
 82956 | Tomb:3   | Killed a greater mummy
 82965 | Tomb:3   | Killed a greater mummy
 82988 | Tomb:3   | Killed a greater mummy
 82992 | Tomb:3   | Killed a greater mummy
 83026 | Tomb:3   | Killed a greater mummy
 83034 | Tomb:3   | Killed a greater mummy
 83818 | Tomb:3   | Identified the +7 chain mail of Osil {Dex+4} (You found it
                  | on level 3 of the Tomb of the Ancients)
 83821 | Tomb:3   | Identified the cursed +1 dagger of Tenacity {freeze,
                  | *Contam +Fly Int+3} (You found it on level 3 of the Tomb of
                  | the Ancients)
 83823 | Tomb:3   | Got a polished dagger
 83824 | Tomb:3   | Identified the +5 dagger "Zeadd" {flame, rPois rC+ MR+
                  | Dex-2} (You found it on level 3 of the Tomb of the
                  | Ancients)
 84325 | D:14     | Killed Roxanne
 84714 | Shoals:4 | Bought the +7 great mace "Firestarter" {inner flame, rF++}
                  | for 783 gold pieces
 84714 | Shoals:4 | Found the +7 great mace "Firestarter" {inner flame, rF++}
 84993 | Elf:2    | Bought a potion of curing for 39 gold pieces
 84993 | Elf:2    | Bought 2 potions of curing for 78 gold pieces
 84993 | Elf:2    | Bought a potion of curing for 39 gold pieces
 84993 | Elf:2    | Bought a potion of heal wounds for 65 gold pieces
 84993 | Elf:2    | Bought a potion of brilliance for 52 gold pieces
 84993 | Elf:2    | Bought a potion of agility for 52 gold pieces
 84993 | Elf:2    | Bought 2 potions of agility for 104 gold pieces
 84993 | Elf:2    | Bought a potion of mutation for 104 gold pieces
 85083 | Elf:2    | Noticed Louise
 85105 | Elf:2    | Killed Louise
 85492 | D:8      | Bought a scroll of enchant armour for 217 gold pieces
 85492 | D:8      | Bought a marble ring for 145 gold pieces
 85492 | D:8      | Bought a scroll of identify for 58 gold pieces
 85810 | Coc:1    | Entered Level 1 of Cocytus
 86285 | Coc:6    | Lost mutation: You have an increased reservoir of magic.
                  | (+10% MP) [mutagenic glow]
 86413 | Coc:7    | Entered Level 7 of Cocytus
 86604 | Coc:7    | Identified the cursed +1 shortbow "Wuockio" {flame, Dex+3}
 86738 | Coc:7    | Got a twisted buckler
 87612 | Coc:7    | Noticed Antaeus
 87641 | Coc:7    | Killed Antaeus
 87641 | Coc:7    | Was placed under penance by the Shining One
 87655 | Coc:7    | Found the +3 salamander hide armour {+Rage rF++}
 87936 | Coc:7    | Got an icy rune of Zot
 87940 | Coc:7    | Got a pair of slimy gloves
 88240 | Coc:7    | Gained mutation: You occasionally shout uncontrollably at
                  | your foes. [mutagenic glow]
 88292 | Coc:7    | Gained mutation: Armour fits poorly on your strangely
                  | shaped body. [mutagenic glow]
 88599 | Depths:4 | Voluntarily entered the Abyss.
 88636 | Abyss:1  | Identified the cursed +0 buckler of the Sky {Slay+3 SInv}
                  | (You found it on level 7 of Cocytus)
 88811 | Abyss:1  | Identified the -1 pair of gloves "Eduho" {+Inv MR+ Dex+4}
                  | (You found it on level 7 of Cocytus)
 89436 | Abyss:1  | Was forgiven by the Shining One
 89556 | Abyss:1  | Found a corrupted altar of Lugonu.
 89688 | Depths:4 | Escaped the Abyss
 89696 | Depths:4 | Lost mutation: You are clumsy. (Dex -2) [potion of
                  | mutation]
 89696 | Depths:4 | Lost mutation: Armour fits poorly on your strangely shaped
                  | body. [potion of mutation]
 89696 | Depths:4 | Lost mutation: You occasionally shout uncontrollably at
                  | your foes. [potion of mutation]
 89696 | Depths:4 | Gained mutation: You expend magic power (3 MP) to
                  | strengthen your wands. [potion of mutation]
 89696 | Depths:4 | Gained mutation: You are covered in fur. (AC +1) [potion of
                  | mutation]
 89696 | Depths:4 | Gained mutation: You are frail. (-10% HP) [potion of
                  | mutation]
 89696 | Depths:4 | Gained mutation: You have a pair of small antennae on your
                  | head. [potion of mutation]
 89701 | Depths:4 | Lost mutation: You are frail. (-10% HP) [potion of
                  | mutation]
 89701 | Depths:4 | Lost mutation: You have a pair of small antennae on your
                  | head. [potion of mutation]
 89701 | Depths:4 | Lost mutation: You expend magic power (3 MP) to strengthen
                  | your wands. [potion of mutation]
 89701 | Depths:4 | Lost mutation: You are covered in fur. (AC +1) [potion of
                  | mutation]
 89701 | Depths:4 | Gained mutation: Your skin changes colour to match your
                  | surroundings (Stealth+). [potion of mutation]
 89701 | Depths:4 | Gained mutation: You have large cloven feet. [potion of
                  | mutation]
 89790 | Pan      | Entered Pandemonium
 89819 | Pan      | Noticed Mennas
 89841 | Pan      | Killed Mennas
 89949 | Pan      | Noticed Ecleufon the pandemonium lord
 89960 | Pan      | Killed Ecleufon the pandemonium lord
 89972 | Pan      | Gained mutation: Scrolls take you a little longer to read.
                  | [a neqoxec]
 89986 | Pan      | Got a demonic rune of Zot
 90021 | Pan      | Found a runed translucent door.
 90045 | Pan      | Noticed Jaoleala the pandemonium lord
 90186 | Pan      | Gained mutation: You are weak. (Str -2) [a cacodemon]
 90253 | Pan      | Gained mutation: Your body sometimes deteriorates upon
                  | taking damage. [a cacodemon]
 90255 | Pan      | Killed Jaoleala the pandemonium lord
 90555 | Pan      | Noticed Ynluli the pandemonium lord
 90594 | Pan      | Killed Ynluli the pandemonium lord
 91108 | Pan      | Noticed Bosufoam the pandemonium lord
 91122 | Pan      | Entered the realm of Gloorx Vloq.
 91546 | Pan      | Noticed Gloorx Vloq
 91566 | Pan      | Killed Gloorx Vloq
 91643 | Pan      | Got a dark rune of Zot
 91759 | Pan      | Entered the realm of Lom Lobon.
 92113 | Pan      | Got a spiked buckler
 92124 | Pan      | Identified the +0 buckler of Love and Death {rF+ Regen+
                  | Str+4} (You found it in Pandemonium)
 92207 | Pan      | Noticed Lom Lobon
 92243 | Pan      | Killed Lom Lobon
 92279 | Pan      | Got a magical rune of Zot
 92567 | Pan      | Entered the realm of Mnoleg.
 92570 | Pan      | Paralysed by a floating eye for 4 turns
 92572 | Pan      | Gained mutation: You are dopey. (Int -2) [a neqoxec]
 92574 | Pan      | Reached skill level 27 in Armour
 92808 | Pan      | Noticed Mnoleg
 92825 | Pan      | Paralysed by a floating eye for 4 turns
 92832 | Pan      | Gained mutation: Your body often deteriorates upon taking
                  | damage. [a neqoxec]
 92856 | Pan      | Killed Mnoleg
 92859 | Pan      | Gained mutation: You occasionally shout uncontrollably at
                  | your foes. [a cacodemon]
 92860 | Pan      | Gained mutation: You are frail. (-10% HP) [a cacodemon]
 92926 | Pan      | Found an exit through the horrors of the Abyss.
 93025 | Pan      | Gained mutation: You are very frail. (-20% HP) [a neqoxec]
 93130 | Pan      | Gained mutation: You passively map a small area around you.
                  | [a neqoxec]
 93251 | Pan      | Got a glowing rune of Zot
 93356 | Pan      | Entered the realm of Cerebov.
 93363 | Pan      | Lost mutation: You are surrounded by a mild repulsion
                  | field. (EV +2) [potion of mutation]
 93363 | Pan      | Lost mutation: You are very frail. (-20% HP) [potion of
                  | mutation]
 93363 | Pan      | Lost mutation: Your body often deteriorates upon taking
                  | damage. [potion of mutation]
 93363 | Pan      | Gained mutation: You have sharp fingernails. [potion of
                  | mutation]
 93363 | Pan      | Lost mutation: You are dopey. (Int -2) [potion of mutation]
 93364 | Pan      | Lost mutation: You occasionally shout uncontrollably at
                  | your foes. [potion of mutation]
 93364 | Pan      | Lost mutation: Scrolls take you a little longer to read.
                  | [potion of mutation]
 93364 | Pan      | Lost mutation: You passively map a small area around you.
                  | [potion of mutation]
 93364 | Pan      | Lost mutation: Your body sometimes deteriorates upon taking
                  | damage. [potion of mutation]
 93364 | Pan      | Gained mutation: You are very frail. (-20% HP) [potion of
                  | mutation]
 93364 | Pan      | Gained mutation: You are partially covered in iridescent
                  | scales. (AC +2) [potion of mutation]
 93364 | Pan      | Gained mutation: You are partially covered in molten
                  | scales. (AC +2) [potion of mutation]
 93365 | Pan      | Lost mutation: You have large cloven feet. [potion of
                  | mutation]
 93365 | Pan      | Lost mutation: You are weak. (Str -2) [potion of mutation]
 93365 | Pan      | Gained mutation: You have a pair of small horns on your
                  | head. [potion of mutation]
 93365 | Pan      | Gained mutation: You are partially covered in icy blue
                  | scales. (AC +2) [potion of mutation]
 93365 | Pan      | Gained mutation: You are somewhat resistant to further
                  | mutation. [potion of mutation]
 93366 | Pan      | Lost mutation: You have a pair of small horns on your head.
                  | [potion of mutation]
 93366 | Pan      | Lost mutation: You have sharp fingernails. [potion of
                  | mutation]
 93366 | Pan      | Lost mutation: You are very frail. (-20% HP) [potion of
                  | mutation]
 93967 | Pan      | Identified the ring "Nyan" {*Corrode MP+9 AC+3 Str+4
                  | Int+10}
 94114 | Pan      | Identified the +1 crystal plate armour of Defence {rElec}
                  | (You found it in Pandemonium)
 94258 | Pan      | Got a twitching golden ring
 94260 | Pan      | Identified the ring "Idokkih" {rF+ Int+3 Dex+2} (You found
                  | it in Pandemonium)
 94264 | Pan      | Got a transparent broad axe
 94265 | Pan      | Identified the +4 broad axe of Destruction {holy, *Noise
                  | rN+ MR+} (You found it in Pandemonium)
 94367 | Pan      | Identified the +6 sword of Cerebov {flame}
 94367 | Pan      | Noticed Cerebov
 94444 | Pan      | Killed Cerebov
 94444 | Pan      | Reached skill level 15 in Earth Magic
 94638 | Pan      | Got a fiery rune of Zot
 94962 | Pan      | Found an exit through the horrors of the Abyss.
 94969 | Pan      | Took an exit into the Abyss.
 94969 | Abyss:1  | Escaped into the Abyss
 95204 | Depths:3 | Escaped the Abyss
 95288 | Geh:1    | Entered Level 1 of Gehenna
 95641 | Geh:4    | Reached skill level 10 in Hexes
 95879 | Geh:5    | You are sucked into a shaft and drop 1 floor!
 95934 | Geh:7    | Entered Level 7 of Gehenna
 96039 | Geh:7    | Learned a level 7 spell: Spellforged Servitor
 96048 | Geh:7    | Learned a level 8 spell: Lehudib's Crystal Spear
 96455 | Geh:7    | Identified the +7 sceptre of Asmodeus
 96455 | Geh:7    | Noticed Asmodeus
 97164 | Geh:7    | Killed Asmodeus
 97425 | Geh:7    | Got an obsidian rune of Zot
 97771 | Zot:5    | Entered Level 5 of the Realm of Zot
 98169 | Zot:5    | Noticed an ancient lich
 98182 | Zot:5    | Killed an ancient lich
 98193 | Zot:5    | Noticed an ancient lich
 98215 | Zot:5    | Killed an ancient lich
 98443 | Zot:5    | Noticed an ancient lich
 98462 | Zot:5    | Killed an ancient lich
 98472 | Zot:5    | Noticed an ancient lich
 98474 | Zot:5    | Noticed an orb of fire
 98481 | Zot:5    | Reached skill level 15 in Hexes
 98492 | Zot:5    | Killed an ancient lich
 98504 | Zot:5    | Killed an orb of fire
 99323 | Zot:5    | Noticed an orb of fire
 99327 | Zot:5    | Noticed an ancient lich
 99331 | Zot:5    | Gained mutation: You tend to lose your temper in combat.
                  | [an orb of fire]
 99335 | Zot:5    | Killed an orb of fire
 99338 | Zot:5    | Killed an ancient lich
 99354 | Zot:5    | Noticed an ancient lich
 99395 | Zot:5    | Got the Orb of Zot
 99840 | D:9      | Noticed Tagi the pandemonium lord
 99845 | D:9      | Killed Tagi the pandemonium lord
100028 | D:$      | Escaped with the Orb!

Levels and vault maps discovered:
D:1:      dpeg_arrival_arbitrary_b, layout_loops_ring, serial_bayou_ford_a,
          minmay_misc_feat_ornament, chequers_serial_rivers_micro_d,
          minmay_distorted
D:2:      layout_basic, minmay_heptomino_w4
D:3:      kennysheep_goblin_castle, layout_basic, nicolae_tso_carved_into_rock
D:4:      layout_rooms, kennysheep_vampire_church, kennysheep_slug_shrine,
          serial_forest, infiniplex_forest_corner_2,
          infiniplex_forest_lined_room_3, infiniplex_forest_fountain,
          infiniplex_forest_lined_room_2, infiniplex_forest_straight_4,
          infiniplex_forest_split, infiniplex_forest_zigzag_1,
          infiniplex_forest_lined_room_2, first_ration
D:5:      layout_rooms, gammafunk_temple_overflow_elements,
          lemuel_crystal_altar, uniq_ijyb
D:6:      cheibrodos_two_vegetables, layout_loops_cross
D:7:      layout_rooms, minmay_temple_entry_wispy, uniq_menkaure, uniq_harold
D:8:      layout_gridville, kennysheep_mini, serial_shops, shop,
          nicolae_shop_trees, uniq_joseph, uniq_prince_ribbit1, uniq_erica,
          uniq_psyche
D:9:      layout_roguey, lemuel_mausoleum_altar_yredelemnul, minitemple,
          minmay_orc_entry_temple_small, serial_rivers,
          chequers_serial_rivers_micro_e, chequers_serial_rivers_micro_e,
          chequers_serial_rivers_micro_b, chequers_serial_rivers_marsh,
          uniq_pikel
D:10:     layout_irregular_city, erik_lair_orcish_takeover
D:11:     layout_long_grid, ebering_ghost_disaster_area, serial_shops, shop,
          basic_altar
D:12:     layout_loops_ring, nicolae_trove_entry_diagonal, the_bakery
D:13:     layout_basic, minmay_circle_x, uniq_josephine
D:14:     layout_roguey, david_vaults_1, minmay_staircase_statues, serial_shops,
          shop, uniq_frances, uniq_roxanne
D:15:     grunt_enter_depths_magical_seal, layout_cave_pools, serial_shops,
          nicolae_shop_statue_plus, nicolae_shop_competitors_out_of_business,
          nicolae_shop_overgrown_old_shop, shop, minivault_24, st_stairs_1,
          dk_noncrumbling_4, minmay_guarded_unrand_variability
Lair:1:   layout_small_grid, chequers_serial_rivers_room_b, beast_lair_carwin_4
Lair:2:   layout_chaotic_city, nicolae_spider_entry_orb_guardian,
          grunt_megastairs_3, serial_bayou_shore_b
Lair:3:   layout_regular_city, gammafunk_ghost_split
Lair:4:   layout_small_grid, minmay_shoals_entry_beasts,
          bobbens_dragon_lair_wall, grunt_megastairs_4, uniq_rupert
Lair:5:   dpeg_oklob_gauntlet, layout_misc_corridors, enter_volcano_2
Lair:6:   evilmike_catoblepas_cave, layout_hall_layers,
          minmay_slime_entry_oklob_enclosed, nicolae_quartered_pool_little,
          serial_bayou_shore_b
Shoals:1: layout_shoals, overgrown_tower
Shoals:2: layout_shoals, ebering_ghost_inner_flame, abandoned_shop,
          lemuel_altar_in_water
Shoals:3: layout_shoals
Shoals:4: shoals_end_simple, layout_shoals, ebering_ghost_rock_garden,
          minmay_shop_mayhem
Spider:1: layout_spider_delve, ebering_ghost_xom, uniq_aizul
Spider:2: layout_spider_delve
Spider:3: layout_spider_delve
Spider:4: guppyfry_spider_rune
Slime:1:  layout_caves
Slime:2:  layout_caves, cheibrodos_slime_lost_civilization_5
Slime:3:  layout_caves, nicolae_slime_phagocytosis
Slime:4:  layout_caves
Slime:5
Orc:1:    layout_caves
Orc:2:    grunt_orc_community_town_hall, layout_caves,
          grunt_orc_community_big_house_2, grunt_orc_community_big_house_1,
          grunt_orc_community_house_1, grunt_orc_community_house_2,
          grunt_orc_community_house_2, grunt_orc_community_house_3,
          ebering_ghost_inner_flame
Elf:1:    minmay_the_grid_triangle_9x9_recursive_2
          [minmay_the_grid_triangle_9x9_prize_center,
          minmay_the_grid_triangle_9x9_dagger,
          minmay_the_grid_triangle_9x9_swiss_cheese,
          minmay_the_grid_triangle_9x9_odd_lines], layout_loops_cross,
          serial_shops, shop, nicolae_shop_stone, shop_fountains,
          solitary_fountain
Elf:2:    layout_geoelf_grid, serial_shops, shop_fountains, minivault_16,
          hangedman_elven_ridges, uniq_louise
Elf:3:    minmay_elf_hall_furrowed, layout_loops_ring, serial_shops,
          shop_fountains, shop_fountains,
          nicolae_shop_temple_entry_statues_fountains, nicolae_shop_trees,
          serial_sigils, serial_sigils_hangedman_snap,
          serial_sigils_hangedman_scratch, serial_sigils_hangedman_shear,
          serial_sigils_hangedman_confine
Vaults:1: ontoclasm_vaults_pinch, vaults_mumra_hex, hangedman_vaults_maws,
          v_rooms_2, vaults_mumra_minichess, vaults_mumra_chevron, v_misc_19,
          hangedman_vaults_trim, v_misc_15, vaults_standard_mumra_lines,
          vaults_dpeg_ring, layout_vaults_omnicross
Vaults:2: serial_ice_m, ontoclasm_vaults_chip, vaults_room_semicircle,
          v_pattern_1, grunt_vaults_swirl, vaults_mumra_lcd,
          layout_vaults_quadrants, infiniplex_enter_wizlab_water
Vaults:3: ebering_vaults_ghost_xom, nicolae_vaults_inception_corners,
          v_pattern_4, hangedman_vaults_stretched_pinwheel,
          nicolae_vaults_little_squares_4, nicolae_vaults_circle_grid_b,
          nicolae_vaults_mini_display_case, minmay_crypt_entry_simple_round,
          v_misc_18, nicolae_vaults_what_the_h, grunt_vaults_bifocal, v_misc_14,
          serial_ice_h, hangedman_vaults_snaps, layout_vaults_omnibox
Vaults:4: hangedman_vaults_slice, v_misc_1, nicolae_vaults_little_squares_6,
          nicolae_vaults_fighting_squares, v_misc_27, v_misc_13,
          layout_vaults_chaotic_city, uniq_xtahua, uniq_donald
Vaults:5
Crypt:1:  layout_misc_corridors, serial_sigils_hangedman_gnaw,
          grunt_crypt_arrival_webbed
Crypt:2:  layout_catacombs, small_statue_intersection
Crypt:3:  quadcrypt_mu
Tomb:1:   uniq_boris, uniq_jory, uniq_mara
Tomb:2
Tomb:3
Depths:1: lemuel_flame_loot_2, layout_cave_pools, hellmouth_1,
          patterned_corridor
Depths:2: evilmike_iron_armoury, layout_cave_shapes,
          infiniplex_staircase_spiral, grunt_mini_vestibule
Depths:3: cheibrodos_birdhouse, layout_gridlike, abyss_entry, pan_entry,
          serial_sigils_hangedman_stare, pf_vacation_house_of_asmodeus
Depths:4: regret_index_uskayaw_diablada_macabre, layout_gridlike,
          enter_ziggurat_c, serial_shops, shop, minmay_misc_feat_plants,
          nicolae_abyss_entry_one_way_or_another, hell_entry, eino_tiny_chamber,
          minmay_pinched_square
Depths:5: grunt_zot_entry_bicorn, layout_cave_shapes,
          serial_sigils_hangedman_gut, hell_entry
Hell
Dis:1:    layout_regular_city
Dis:2:    layout_chaotic_city, hangedman_dis_decor_blocks_mantle
Dis:3:    layout_chaotic_city, grunt_dis_stairs_iron_hall
Dis:4:    layout_chaotic_city
Dis:5:    layout_overlapping_boxes
Dis:6:    layout_chaotic_city
Dis:7:    iron_city_of_dis [dis_mu, dis_wall_5], layout_chaotic_city
Geh:1:    layout_gehenna_lava_caves, lemuel_flamethrower_3
Geh:2:    layout_gehenna_lava_caves
Geh:3:    layout_gehenna_pools_box
Geh:4:    layout_gehenna_lava_caves
Geh:5:    layout_gehenna_lava_caves
Geh:6:    layout_gehenna_pools_box, hangedman_elemental_grid_stream
Geh:7:    geh_hangedman
Coc:1:    layout_cocytus_water_paths
Coc:2:    layout_ice_bergs
Coc:3:    layout_ice_bergs
Coc:4:    layout_cocytus_water_paths
Coc:5:    layout_cocytus_delve
Coc:6:    layout_ice_bergs
Coc:7:    coc_mu
Tar:1:    layout_honeycomb
Tar:2:    layout_honeycomb, nicolae_tar_cuneiform_sun
Tar:3:    layout_grid_maze, nicolae_tar_cuneiform_city
Tar:4:    layout_honeycomb, grunt_megastairs_2
Tar:5:    layout_cathedral_of_symmetry
Tar:6:    layout_grid_maze
Tar:7:    tar_minmay_river
Zot:1:    layout_cathedral_of_symmetry, gammafunk_ghost_crypt, st_stairs_3,
          hangedman_hellfire_club
Zot:2:    layout_basic
Zot:3:    layout_misc_corridors
Zot:4:    layout_misc_corridors, chequers_guarded_unrand_mask_of_the_dragon
Zot:5:    layout_cathedral_of_symmetry, st_stairs_13

Skill      XL: |  1  2  3  4  5  6  7  8  9 10 11 12 13 14 15 16 17 18 19 20 21 22 23 24 25 26 27 |
---------------+----------------------------------------------------------------------------------+-----
Dodging        | 2 3 5 6 7 8 9 10 11 12 13 14 15 16 18 22 | 22.9
Fighting       | 4 5 6 7 9 10 11 12 13 14 15 16 18 19 20 21 22 23 24 25 27 | 27.0
Maces & Flails | 4 5 6 7 11 14 16 | 16.0
Throwing       | 2 3 |  3.0
Slings         | 1 2 10 13 | 13.0
Armour         | 4 6 8 9 11 12 14 16 17 19 20 21 27 | 27.0
Long Blades    | 3 4 6 8 9 11 13 14 | 14.0
Shields        | 3 9 13 14 21 | 21.9
Invocations    | 18 | 18.2
Spellcasting   | 21 | 21.8
Charms         | 16 | 16.2
Air Magic      | 14 | 14.7
Hexes          | 16 | 16.2
Translocations | 6 |  6.8
Summonings     | 13 | 13.5
Earth Magic    | 22 | 22.3
Conjurations   | 13 | 13.6

Action                   |  1- 3 |  4- 6 |  7- 9 | 10-12 | 13-15 | 16-18 | 19-21 | 22-24 | 25-27 || total
-------------------------+-------+-------+-------+-------+-------+-------+-------+-------+-------++-------
Melee: Mace              |   124 |   131 |   134 |       |       |       |       |       |       ||   389
       Flail             |       |       |   128 |       |       |       |       |       |       ||   128
       Scimitar          |       |       |    37 |   729 |  1616 |  2410 |  2241 |  1340 |       ||  8373
       Great sword       |       |       |       |       |       |       |     6 |     6 |       ||    12
       Demon blade       |       |       |       |       |       |       |   169 |   875 |    72 ||  1116
       Eveningstar       |       |       |       |       |       |       |       |   429 | 10403 || 10832
       Great mace        |       |       |       |       |       |       |       |       |   692 ||   692
 Fire: Hunting sling     |       |    53 |       |       |       |       |       |       |       ||    53
Throw: Dart              |       |       |       |       |     6 |    12 |       |       |       ||    18
       Throwing net      |       |       |       |       |       |     3 |     5 |     1 |     7 ||    16
 Cast: Spectral Weapon   |       |       |       |       |       |       |       |       |    18 ||    18
       Iron Shot         |       |       |       |       |       |       |       |       |    15 ||    15
       Deflect Missiles  |       |       |       |       |       |       |       |       |    11 ||    11
       Aura of Abjuratio |       |       |       |       |       |       |       |       |     9 ||     9
       Silence           |       |       |       |       |       |       |       |       |     6 ||     6
       Lehudib's Crystal |       |       |       |       |       |       |       |       |     4 ||     4
       Shadow Creatures  |       |       |       |       |       |       |       |       |     1 ||     1
Invok: Berserk           |     1 |     4 |     6 |    13 |    18 |    19 |    17 |    17 |     6 ||   101
       Trog's Hand       |     1 |       |     3 |     9 |    16 |    15 |    31 |    32 |    32 ||   139
       Brothers in Arms  |       |       |       |       |     1 |     3 |     6 |     1 |     1 ||    12
       Cleansing Flame   |       |       |       |       |       |       |       |       |   346 ||   346
       Divine Shield     |       |       |       |       |       |       |       |       |    17 ||    17
       Summon Divine War |       |       |       |       |       |       |       |       |     5 ||     5
 Abil: Fly               |       |       |       |       |     1 |       |       |       |       ||     1
Evoke: Wand              |       |       |     1 |       |     4 |     6 |     9 |     8 |    21 ||    49
       Lamp of fire      |       |       |       |       |       |       |       |       |     3 ||     3
       Phial of floods   |       |       |       |       |       |       |       |       |     1 ||     1
  Use: Scroll            |     1 |     6 |     9 |    15 |    16 |    15 |    22 |    20 |    98 ||   202
       Potion            |     1 |     1 |     2 |     7 |     4 |    13 |    10 |     4 |    72 ||   114
 Stab: Sleeping          |     1 |       |       |       |       |       |       |       |       ||     1
       Invisible         |       |       |       |       |     8 |     9 |       |       |     7 ||    24
       Petrified         |       |       |       |       |     3 |       |       |       |     3 ||     6
       Distracted        |       |       |       |       |       |     2 |       |     1 |     2 ||     5
       Confused          |       |       |       |       |       |       |     3 |       |       ||     3
       Held in net/web   |       |       |       |       |       |       |     1 |     2 |       ||     3
       Petrifying        |       |       |       |       |       |       |       |       |     4 ||     4
  Eat: Chunk             |     2 |    11 |     8 |    27 |    20 |    19 |    31 |    31 |    34 ||   183
       Ration            |       |       |     2 |     4 |    10 |    11 |     9 |    10 |    66 ||   112
Armor: Leather armour    |    66 |   102 |    36 |       |       |       |       |       |   303 ||   507
       Skin              |       |     7 |       |       |       |       |       |       |       ||     7
       Ring mail         |       |       |   103 |   308 |   173 |       |       |       |       ||   584
       Crystal plate arm |       |       |       |       |   912 |  1965 |  1447 |  1880 |  5037 || 11241
Dodge: Dodged            |    85 |   159 |   175 |   413 |   651 |   903 |   868 |  1455 |  5512 || 10221
       Deflected         |       |       |       |       |       |       |       |       |    58 ||    58
Block: Buckler           |       |       |       |       |       |       |       |   219 |  1445 ||  1664
       Shield            |       |       |       |       |       |       |       |       |  5550 ||  5550
       Reflection        |       |       |       |       |       |       |       |       |   110 ||   110
       Other             |       |       |       |       |       |       |       |       |   225 ||   225
       Rpst.: Scimitar   |       |       |     4 |    92 |   147 |   188 |   171 |   117 |       ||   719
       Great sword       |       |       |       |       |       |       |     1 |     1 |       ||     2
       Demon blade       |       |       |       |       |       |       |    21 |    84 |    11 ||   116

Table legend:
 A = Non-vault XP
 B = Vault XP
 C = Vault XP percentage of total XP
 D = Non-vault monster count
 E = Vault monster count
 F = Vault count percentage of total count
                 A         B        C        D         E       F
            +---------+---------+-------+---------+---------+-------
      Total | 2337849 | 1808247 |  43.6 |    3967 |    1743 |  30.5
            +---------+---------+-------+---------+---------+-------
        D:1 |      42 |       5 |  10.6 |      26 |       3 |  10.3
        D:2 |      39 |       6 |  13.3 |      16 |       4 |  20.0
        D:3 |     182 |      52 |  22.2 |      23 |      20 |  46.5
        D:4 |     263 |     130 |  33.1 |      17 |       9 |  34.6
        D:5 |     484 |      33 |   6.4 |       9 |       1 |  10.0
        D:6 |     647 |     701 |  52.0 |      15 |       9 |  37.5
        D:7 |    1344 |    1169 |  46.5 |      27 |       2 |   6.9
        D:8 |    1880 |    2112 |  52.9 |      28 |       4 |  12.5
        D:9 |    3238 |    1431 |  30.6 |      31 |      24 |  43.6
       D:10 |    1440 |     617 |  30.0 |      16 |       9 |  36.0
       D:11 |    4724 |     975 |  17.1 |      25 |       1 |   3.8
       D:12 |    5661 |     229 |   3.9 |      26 |       1 |   3.7
       D:13 |    4041 |    2860 |  41.4 |      32 |      11 |  25.6
       D:14 |   17648 |    6162 |  25.9 |      53 |       5 |   8.6
       D:15 |   22190 |    4942 |  18.2 |      41 |      13 |  24.1
     Lair:1 |     372 |    1592 |  81.1 |       3 |       8 |  72.7
     Lair:2 |    2688 |    1110 |  29.2 |      13 |       3 |  18.8
     Lair:3 |    2982 |    3407 |  53.3 |      14 |       7 |  33.3
     Lair:4 |    5286 |   10738 |  67.0 |      23 |      25 |  52.1
     Lair:5 |    7297 |    1062 |  12.7 |      27 |       2 |   6.9
     Lair:6 |   15699 |   13839 |  46.9 |      58 |      26 |  31.0
   Shoals:1 |   23042 |       0 |   0.0 |      43 |       0 |   0.0
   Shoals:2 |    9536 |    2952 |  23.6 |      17 |       2 |  10.5
   Shoals:3 |   10686 |       0 |   0.0 |      17 |       0 |   0.0
   Shoals:4 |   11227 |   22240 |  66.5 |      18 |      38 |  67.9
   Spider:1 |   14883 |    4353 |  22.6 |      38 |       3 |   7.3
   Spider:2 |   10209 |       0 |   0.0 |      30 |       0 |   0.0
   Spider:3 |   17645 |     331 |   1.8 |      46 |       1 |   2.1
   Spider:4 |   12670 |   20653 |  62.0 |      31 |      36 |  53.7
    Slime:1 |   14817 |       0 |   0.0 |      28 |       0 |   0.0
    Slime:2 |    9890 |       0 |   0.0 |      11 |       0 |   0.0
    Slime:3 |    3611 |       0 |   0.0 |      11 |       0 |   0.0
    Slime:4 |   15532 |    6905 |  30.8 |      32 |       3 |   8.6
    Slime:5 |   12562 |   21608 |  63.2 |      24 |      10 |  29.4
      Orc:1 |    3001 |       0 |   0.0 |      25 |       0 |   0.0
      Orc:2 |    5678 |    6652 |  53.9 |      40 |      65 |  61.9
      Elf:1 |   16993 |    5044 |  22.9 |      29 |      13 |  31.0
      Elf:2 |   18030 |   23490 |  56.6 |      31 |      29 |  48.3
      Elf:3 |   16338 |   41133 |  71.6 |      33 |      29 |  46.8
   Vaults:1 |   16243 |   15941 |  49.5 |      35 |      38 |  52.1
   Vaults:2 |   29593 |   10688 |  26.5 |      47 |      14 |  23.0
   Vaults:3 |   48395 |   18430 |  27.6 |      88 |      40 |  31.2
   Vaults:4 |   47565 |   22489 |  32.1 |      66 |      21 |  24.1
   Vaults:5 |   25388 |  127806 |  83.4 |      46 |      94 |  67.1
    Crypt:1 |   24968 |       0 |   0.0 |      41 |       0 |   0.0
    Crypt:2 |   20427 |    7272 |  26.3 |      28 |      12 |  30.0
    Crypt:3 |       0 |   54104 | 100.0 |       0 |      67 | 100.0
     Tomb:1 |   11868 |  139112 |  92.1 |      31 |      66 |  68.0
     Tomb:2 |   21916 |   68325 |  75.7 |      45 |      72 |  61.5
     Tomb:3 |   25084 |   85790 |  77.4 |      42 |      55 |  56.7
   Depths:1 |   20220 |     592 |   2.8 |      25 |       4 |  13.8
   Depths:2 |   28987 |   22421 |  43.6 |      38 |      23 |  37.7
   Depths:3 |   29236 |    9219 |  24.0 |      35 |      10 |  22.2
   Depths:4 |   41927 |   25944 |  38.2 |      49 |      27 |  35.5
   Depths:5 |   41902 |   24973 |  37.3 |      35 |      15 |  30.0
       Hell |   34208 |   30016 |  46.7 |      44 |      49 |  52.7
      Dis:1 |    8461 |       0 |   0.0 |      23 |       0 |   0.0
      Dis:2 |   26762 |       0 |   0.0 |      43 |       0 |   0.0
      Dis:3 |   38177 |   14996 |  28.2 |      61 |      34 |  35.8
      Dis:4 |    5077 |       0 |   0.0 |       5 |       0 |   0.0
      Dis:5 |   12125 |       0 |   0.0 |      23 |       0 |   0.0
      Dis:6 |    2483 |       0 |   0.0 |       8 |       0 |   0.0
      Dis:7 |   79241 |  114090 |  59.0 |      90 |      74 |  45.1
      Geh:1 |    5825 |       0 |   0.0 |      12 |       0 |   0.0
      Geh:2 |     676 |       0 |   0.0 |       4 |       0 |   0.0
      Geh:3 |   17224 |       0 |   0.0 |      54 |       0 |   0.0
      Geh:4 |   14818 |       0 |   0.0 |      23 |       0 |   0.0
      Geh:5 |   11000 |       0 |   0.0 |      20 |       0 |   0.0
      Geh:6 |    1219 |   12190 |  90.9 |       4 |      14 |  77.8
      Geh:7 |   52519 |   91905 |  63.6 |      75 |      82 |  52.2
      Coc:1 |   36071 |       0 |   0.0 |      69 |       0 |   0.0
      Coc:2 |    3384 |       0 |   0.0 |       7 |       0 |   0.0
      Coc:3 |     914 |       0 |   0.0 |       3 |       0 |   0.0
      Coc:4 |   23880 |       0 |   0.0 |      46 |       0 |   0.0
      Coc:5 |      18 |       0 |   0.0 |       1 |       0 |   0.0
      Coc:6 |    9788 |       0 |   0.0 |      20 |       0 |   0.0
      Coc:7 |   99241 |   70618 |  41.6 |     128 |      90 |  41.3
      Tar:1 |    1370 |       0 |   0.0 |      10 |       0 |   0.0
      Tar:2 |   31938 |       0 |   0.0 |      39 |       0 |   0.0
      Tar:3 |   16980 |       0 |   0.0 |      27 |       0 |   0.0
      Tar:4 |   23954 |       0 |   0.0 |      41 |       0 |   0.0
      Tar:5 |   13399 |       0 |   0.0 |      22 |       0 |   0.0
      Tar:6 |   34538 |       0 |   0.0 |      59 |       0 |   0.0
      Tar:7 |  145325 |  106870 |  42.4 |     139 |      75 |  35.0
      Zot:1 |   39693 |   48991 |  55.2 |      23 |      13 |  36.1
      Zot:2 |   56137 |       0 |   0.0 |      35 |       0 |   0.0
      Zot:3 |   46989 |       0 |   0.0 |      25 |       0 |   0.0
      Zot:4 |   55330 |   31358 |  36.2 |      34 |      16 |  32.0
      Zot:5 |   38861 |  149723 |  79.4 |      24 |      36 |  60.0
    Abyss:1 |  301137 |   13097 |   4.2 |     550 |      11 |   2.0
    Abyss:2 |   27622 |    3592 |  11.5 |      54 |       5 |   8.5
    Abyss:3 |   15577 |     658 |   4.1 |      19 |       4 |  17.4
    Abyss:4 |   90954 |   23121 |  20.3 |     210 |      61 |  22.5
        Pan |  156136 |  195897 |  55.6 |     210 |     150 |  41.7
     WizLab |     582 |   59486 |  99.0 |       5 |      55 |  91.7
            +---------+---------+-------+---------+---------+-------
